 Dungeon Crawl Stone Soup version 0.20-a0-993-gba41c3c (webtiles) character file.

1595837 winWinterter the Conqueror (level 27, -13/373 HPs)
             Began as a Formicid Fighter on Apr 6, 2017.
             Was the Champion of Uskayaw.
             Mangled by a Hell Sentinel (15 damage)
             ... on level 8 of a ziggurat on Apr 11, 2017.
             The game lasted 12:52:25 (122553 turns).

winWinterter the Conqueror (Formicid Fighter)     Turns: 122553, Time: 12:52:26

Health: -13/373    AC: 33    Str: 39    XL:     27
Magic:  2/42       EV:  2    Int:  5    God:    Uskayaw [******]
Gold:   16543      SH: 37    Dex: 17    Spells: 33/78 levels left

rFire    . . .     SeeInvis .   f - +9 executioner's axe (holy)
rCold    . . .     Gourm    .   V - +7 large shield of Elitism {rPois Str+4 Stlth+}
rNeg     + + +     Faith    +   (armour currently unavailable)
rPois    +         Spirit   .   (helmet unavailable)
rElec    .         Reflect  .   (cloak currently unavailable)
rCorr    +         Harm     .   (gloves currently unavailable)
MR       +++..                  (boots currently unavailable)
Stlth    +++.......             N - amulet of faith
Regen    0.8/turn               r - ring of resist corrosion
MPRegen  0.3/turn               O - ring "Enamm" {+Blink MR+ Str+7 Int-3 Dex+3}

@: tree-form, weakened
A: permanent stasis, dig shafts and tunnels, four strong arms, dopey 1, low mp 2
}: 15/15 runes: barnacled, slimy, silver, golden, iron, obsidian, icy, bone,
abyssal, demonic, glowing, magical, fiery, dark, gossamer
a: Stomp, Line Pass, Grand Finale, Renounce Religion


You were on level 8 of a ziggurat.
You worshipped Uskayaw.
Uskayaw was exalted by your worship.
You were completely stuffed.
You were a tree.
You visited 18 branches of the dungeon, and saw 90 of its levels.
You visited Pandemonium 2 times, and saw 17 of its levels.
You visited the Abyss 2 times.
You visited 3 ziggurats (completing 1), and saw 54 of their levels.
You also visited: Labyrinth and Ice Cave.

You collected 18045 gold pieces.
You spent 1502 gold pieces at shops.

Inventory:

Hand Weapons
 f - a +9 executioner's axe of holy wrath (weapon)
 z - a +9 executioner's axe of flaming
 Q - a +9 executioner's axe of freezing
Missiles
 a - 20 throwing nets
 d - 61 javelins of penetration (quivered)
 k - 20 tomahawks of dispersal
 A - 32 silver javelins
 D - 37 javelins of returning
 X - 92 steel javelins
Armour
 o - +12 gold dragon scales
 q - a +2 pair of gloves of archery
 v - the +12 crystal plate armour of Istupiotas (melded) {rF+}
   (Okawaru gifted it to you in an ice cave)

   It protects you from fire.
 w - the +2 cloak "Ciagg" {-Cast rPois rF+ rC+}
   (You acquired it on level 13 of the Dungeon)

   It protects you from fire.
   It protects you from cold.
   It protects you from poison.
   It prevents spellcasting.
 y - the +1 pair of boots "Gifoes" (melded) {rElec MR- Str+6 SInv}
   (You found it on level 11 of a ziggurat)

   It affects your strength (+6).
   It insulates you from electricity.
   It affects your resistance to hostile enchantments.
   It lets you see invisible.
 H - the +0 pair of gloves of the Vacuum (melded) {-Cast rF++ rN+ MR+}
   (You acquired it on level 2 of the Lair of Beasts)

   It greatly protects you from fire.
   It protects you from negative energy.
   It affects your resistance to hostile enchantments.
   It prevents spellcasting.
 L - the +4 cloak "Nushrel" (melded) {*Slow MR+ Str+6}
   (You took it off a green draconian on level 5 of the Realm of Zot)

   It affects your strength (+6).
   It affects your resistance to hostile enchantments.
   It may slow you when you take damage.
 V - the +7 large shield of Elitism (worn) {rPois Str+4 Stlth+}
   (You took it off a daeva in Pandemonium)

   It affects your strength (+4).
   It protects you from poison.
   It makes you more stealthy.
Jewellery
 i - the ring of Robustness {AC+8}
   (You found it on level 27 of a ziggurat)

   [ring of protection]

   It affects your AC (+8).
 r - a ring of resist corrosion (left branch)
 u - the cursed ring "Rete" {*Slow rF+ rC+ Dex-4}
   (You found it on level 7 of a ziggurat)

   [ring of dexterity]

   It affects your dexterity (-4).
   It protects you from fire.
   It protects you from cold.
   It may slow you when you take damage.
   It has a curse placed upon it.
 E - the ring of Quwno {rPois Str+4 Int-3 Slay+3}
   (You found it on level 7 of Tartarus)

   [ring of poison resistance]

   It affects your strength (+4).
   It affects your intelligence (-3).
   It affects your accuracy and damage with ranged weapons and melee attacks
   (+3).
   It protects you from poison.
 J - the ring of Cuant {rC+ Str+4 SInv}
   (You found it on level 15 of a ziggurat)

   [ring of see invisible]

   It affects your strength (+4).
   It protects you from cold.
   It lets you see invisible.
 N - an amulet of faith (around neck)
 O - the ring "Enamm" (right branch) {+Blink MR+ Str+7 Int-3 Dex+3}
   (You found it on level 12 of a ziggurat)

   [ring of protection from magic]

   It affects your strength (+7).
   It affects your intelligence (-3).
   It affects your dexterity (+3).
   It affects your resistance to hostile enchantments.
   It lets you blink.
 R - the macabre finger necklace {rN+}
   (You found it on level 20 of a ziggurat)

   [amulet of nothing]

   It protects you from negative energy.
 T - a +5 amulet of reflection
Wands
 m - a wand of lightning (11/15)
 W - a wand of digging (24/24)
Scrolls
 b - 6 scrolls of enchant weapon
 g - 3 scrolls of holy word
 j - 52 scrolls of remove curse
 l - 16 scrolls of fog
 p - 6 scrolls of identify
 F - 9 scrolls of enchant armour
 P - 6 scrolls of magic mapping
 U - 6 scrolls of fear
 Y - 7 scrolls of silence
Potions
 c - 13 potions of mutation
 e - 13 potions of heal wounds
 n - 4 potions of lignification
 t - 30 potions of curing
 x - 6 potions of cancellation
 B - 2 potions of brilliance
 I - 2 potions of might
 M - 3 potions of magic
 S - 3 potions of flight
 Z - 2 potions of resistance
Books
 K - a Necronomicon

   Spells                             Type                      Level
   a - Haunt                          Necromancy/Summoning         7
   b - Borgnjor's Revivification      Necromancy                   8
   c - Death's Door                   Charms/Necromancy            8
   d - Infestation                    Necromancy                   8
   e - Necromutation                  Transmutation/Necromancy     8
Comestibles
 s - 29 meat rations


   Skills:
 O Level 27 Fighting
   Level 1.0 Long Blades
 O Level 27 Axes
   Level 9.9(20.4) Maces & Flails
   Level 7.8(21.0) Slings
 O Level 27 Throwing
 O Level 27 Armour
 O Level 27 Dodging
 O Level 27 Shields
 + Level 26.1 Spellcasting
 + Level 23.1 Conjurations
 - Level 16.2 Charms
 - Level 2.8 Summonings
 - Level 2.0 Necromancy
 - Level 10.3 Translocations
 + Level 22.6 Fire Magic
 O Level 27 Invocations


You had 33 spell levels left.
You knew the following spells:

 Your Spells              Type           Power        Failure   Level  Hunger
a - Animate Dead          Necr           N/A          17%         4    ###....
b - Silence               Hex/Air        #.........   89%         5    #####..
c - Song of Slaying       Chrm           ###.....     0%          2    None
d - Summon Butterflies    Summ           #.......     1%          1    None
e - Deflect Missiles      Chrm/Air       ##........   21%         6    ######.
f - Fire Storm            Conj/Fire      ####......   50%         9    #######
g - Passage of Golubria   Tloc           N/A          1%          4    ###....
h - Aura of Abjuration    Summ           #.........   38%         5    #####..
i - Dragon's Call         Summ           #.........   100%        9    #######


Dungeon Overview and Level Annotations

Branches:
Dungeon (15/15)            Temple (1/1) D:5            Lair (6/6) D:11
 Shoals (4/4) Lair:2       Spider (4/4) Lair:2        Slime (5/5) Lair:6
    Orc (2/2) D:9             Elf (3/3) Orc:2        Vaults (5/5) D:13
  Crypt (3/3) Vaults:2       Tomb (3/3) Crypt:3      Depths (5/5) D:15
   Hell (1/1)                 Dis (7/7) Hell            Geh (7/7) Hell
    Coc (7/7) Hell            Tar (7/7) Hell            Zot (5/5) Depths:5

Altars:
Ashenzari
Cheibriados
Dithmenos
Elyvilon
Fedhas
Gozag
Hepliaklqana
Kikubaaqudgha
Makhleb
Nemelex Xobeh
Okawaru
Qazlal
Ru
Sif Muna
Trog
Uskayaw
Vehumet
Wu Jian
Xom
Yredelemnul
Zin
The Shining One

Shops:
D:8 *   D:10 *   D:12 [   D:14 !   D:15 (   Orc:2 [![}   Vaults:1 [
Vaults:4 %==

Portals:
Hell: Depths:1 Depths:2 Depths:3 Depths:4 Depths:5
Abyss: Depths:3 Depths:4 Depths:5
Pandemonium: Depths:3 Depths:4

Annotations:
Tar:6 exclusion: 3 oklob plants


Innate Abilities, Weirdness & Mutations

You cannot be hasted, slowed, berserked, paralysed or teleported.
You can dig through walls and to a lower floor.
Your four strong arms can wield two-handed weapons with a shield.
((You have a pair of large antennae on your head. (SInv)))
((You are partially covered in molten scales. (AC +2)))
((Your flesh is cold resistant. (rC+)))
You are dopey. (Int -2)
Your magical capacity is very low. (-20% MP)
((Your system is resistant to poisons. (rPois)))


Message History

You kill the infernal blood saint!
You are engulfed in blazing flames.
* * * LOW HITPOINT WARNING * * *
The Hell Sentinel gestures at you.
The sphere of damnation explodes!
The damnation engulfs you!
* * * LOW HITPOINT WARNING * * *
The damnation engulfs the Hell Sentinel.
The Hell Sentinel completely resists.
You block the red devil's attack.
Okay, then.
Okay, then.
Save game and exit?
Welcome back, winWinterter the Formicid Fighter.
Uskayaw says: Revel in the joy of movement!
Press ? for a list of commands and other information.
Okay, then.
Okay, then.
You feel much better.
You are engulfed in blazing flames.
* * * LOW HITPOINT WARNING * * *
The Hell Sentinel hits you!
You die...

▓▓▓▓▓▓▓▓▓▓▓
▓▓88.....88▓▓
▓▓..8.....8..▓▓
▓=...4§§......▓▓
∩:|...§§.......▓▓
>:?(.§[♣......∩.▓
∩=.(.[1........▓▓
▓.............▓▓
▓▓(.8.....8..▓▓
▓▓88.....88▓▓
▓▓▓▓▓▓▓▓▓▓▓


You could see a Hell Sentinel and a red devil.

Vanquished Creatures
  Cerebov (Pan)
  Antaeus (Coc:7)
  Asmodeus (Geh:7)
  Ereshkigal (Tar:7)
  the Royal Jelly (Slime:5)
  A seraph (Pan)
  Gloorx Vloq (Pan)
  Lom Lobon (Pan)
  the Serpent of Hell (Tar:7)
  Mnoleg (Pan)
  Dispater (Dis:7)
  Khufu (Crypt:1)
  4 orbs of fire (Zot:5)
  Mara (Depths:3)
  17 ancient liches
  Mennas (Depths:3)
  8 juggernauts
  30 greater mummies
  The ghost of Meriados the Malleable, a master MfSk of Yredelemnul (Pan)
  Sojobo (Tomb:2)
  The ghost of kidcy the Slayer, a veteran DrIE of Ashenzari (Vaults:5)
  19 shard shrikes
  Bai Suzhen (Vaults:3)
  9 Killer Klowns
  6 caustic shrikes
  4 curse toes
  Margery (Vaults:2)
  Xtahua (Depths:3)
  Geryon (Hell)
  Nikola (Vaults:2)
  Arachne (Spider:4)
  24 golden dragons
  8 bone dragons
  5 profane servitors
  6 doom hounds
  2 pearl dragons (Pan)
  33 Tzitzimimeh
  32 Brimstone Fiends
  14 iron giants
  4 hellephants
  Jorgrun (Vaults:4)
  12 electric golems
  25 Hell Sentinels
  22 tentacled monstrosities
  18 pandemonium lords
  24 titans
  33 Ice Fiends
  23 Orb Guardians (Zot:5)
  Asterion (Vaults:1)
  7 deep elf blademasters
  10 quicksilver dragons
  17 liches
  23 acid blobs
  A sphinx (shapeshifter) (Zig:10)
  4 deep elf master archers
  A quicksilver dragon (shapeshifter) (Depths:4)
  Polyphemus (Shoals:2)
  4 death cobs
  6 tentacled starspawn
  35 Executioners
  16 sphinxes
  25 ancient champions
  5 eldritch tentacles
  22 storm dragons
  28 revenants
  17 warmongers
  13 tengu reavers
  A thorn hunter (Zig:5)
  Agnes (D:15)
  Roxanne (D:15)
  13 draconian monks
  Donald (Spider:4)
  Ilsuiw (Shoals:4)
  10 deep elf sorcerers
  26 shadow dragons
  11 azure jellies
  31 fire giants
  8 nagarajas
  37 frost giants
  20 daevas (Pan)
  The ghost of Paps the Peltast, a journeyman MiFi of Gozag (Spider:1)
  16 iron dragons
  A ghost moth (shapeshifter) (Zig:10)
  Aizul (Spider:4)
  8 orc warlords (Zig:17)
  19 draconian scorchers
  A juggernaut zombie (Hell)
  31 draconian knights
  Louise (Spider:4)
  26 cacodemons
  45 balrugs
  18 vault wardens
  19 ghost moths
  A caustic shrike zombie (Zig:15)
  11 deep elf elementalists
  20 emperor scorpions
  16 ghouls
  22 ironheart preservers
  A spectral caustic shrike (Zig:27)
  A spectral juggernaut (Zig:17)
  10 curse skulls
  13 draconian stormcallers
  25 angels (Pan)
  16 draconian shifters
  27 very ugly things
  8 war gargoyles
  A caustic shrike skeleton (Zig:9)
  18 draconian annihilators
  43 stone giants
  3 elemental wellsprings
  11 blood saints
  17 entropy weavers
  28 apis (Pan)
  85 reapers
  18 ophanim (Pan)
  15 vampire knights
  12 green draconians
  8 deep elf demonologists
  25 black draconians
  16 corrupters
  4 bennus (Tomb:2)
  19 purple draconians
  26 lorocyprocas
  36 black suns
  15 deep elf annihilators
  Azrael (D:13)
  12 spark wasps
  14 red draconians
  10 white draconians
  33 green deaths
  14 yellow draconians
  23 deep elf death magi
  7 dire elephants
  13 merfolk javelineers
  29 mummy priests
  25 death oozes
  37 ettins
  5 quicksilver dragon zombies
  A minotaur (shapeshifter) (Vaults:5)
  12 yaktaur captains
  Josephine (Orc:1)
  10 fire dragons
  30 blizzard demons
  A minotaur (Lab)
  3 crystal guardians (Zig:13)
  20 eidola
  8 deep elf high priests
  2 spectral quicksilver dragons
  Fannar (D:10)
  2 kraken zombies
  6 quicksilver dragon skeletons
  22 ogre magi
  15 merfolk impalers
  14 great orbs of eyes
  40 hydras
  14 jiangshi
  32 vault guards
  34 ice dragons
  10 rakshasas
  14 monstrous demonspawn (Pan)
  8 hell beasts
  An anaconda (Zig:18)
  A naga warrior (Zig:18)
  4 merfolk avatars
  A spectral sphinx (Zig:27)
  12 centaur warriors
  8 catoblepae
  An anaconda (shapeshifter) (Depths:2)
  3 ghost crabs
  15 merfolk aquamancers
  9 death knights
  64 two-headed ogres
  68 hell hogs
  10 alligator snapping turtles
  10 spriggan air magi
  39 dancing weapons
  10 deep troll earth magi
  13 death yaks
  3 tengu warriors (Depths:1)
  4 satyrs
  61 death scarabs
  7 deep troll shamans
  21 vampire magi
  A satyr (shapeshifter) (D:13)
  11 orc high priests
  A queen ant (shapeshifter) (Depths:5)
  6 thrashing horrors
  8 spriggan berserkers
  14 shock serpents
  87 sun demons
  15 titan zombies
  16 storm dragon zombies
  12 wretched stars
  78 soul eaters
  4 spectral elves
  19 iron trolls
  36 deep elf knights
  7 iron golems
  A fire crab (Lair:6)
  2 fire crabs (shapeshifter)
  Nergalle (Orc:1)
  32 sixfirhies
  12 anaconda zombies
  30 shadow wraiths
  12 golden dragon zombies
  3 spark wasp zombies
  4 spatial maelstroms
  6 titan skeletons
  A salamander mystic (Zig:18)
  116 skeletal warriors
  21 sea snakes
  14 death drakes
  12 gelid demonspawn
  11 glowing orange brains
  72 hell knights
  An unseen horror (shapeshifter) (D:13)
  A glowing orange brain (shapeshifter) (Zig:4)
  18 torturous demonspawn
  8 storm dragon skeletons
  5 ghost moth zombies
  9 swamp dragons
  5 unseen horrors
  A quicksilver dragon simulacrum (Zig:21)
  25 deep elf archers
  23 cherubim (Pan)
  28 deep trolls
  49 starcursed masses
  23 flayed ghosts
  An orange crystal statue (Zig:25)
  A kraken simulacrum (Shoals:4)
  3 spriggan druids
  13 infernal demonspawn (Pan)
  5 shambling mangroves
  16 shadow demons
  32 phantasmal warriors
  2 lindwurms
  6 wizards
  7 wolf spider zombies
  18 ironbrand convokers
  A lindwurm (shapeshifter) (Vaults:4)
  22 harpies
  33 necromancers
  9 anaconda skeletons
  The ghost of dxctxrx the Martial Artist, a novice DsMo of Ru (D:8)
  24 orc knights
  13 shadow dragon zombies
  14 orc sorcerers
  2 spectral iron dragons (Zig:27)
  A sphinx zombie (Zig:8)
  2 golden dragon skeletons
  48 wolf spiders
  9 shadow dragon skeletons
  60 ugly things
  12 frost giant zombies
  10 oklob plants
  37 orb spiders
  17 iron dragon zombies
  13 fauns
  82 deep elf magi
  10 stone giant zombies
  13 cyclopes
  A faun (shapeshifter) (Zig:10)
  5 shining eyes
  15 fire giant zombies
  3 worldbinders
  17 vault sentinels
  An ice statue (IceCv)
  28 moths of wrath
  A salamander (Geh:7)
  14 manticores
  8 frost giant skeletons
  53 rust devils
  10 merfolk sirens
  A cyclops (shapeshifter) (Vaults:1)
  A shock serpent zombie (Geh:3)
  5 fire giant skeletons
  2 dire elephant zombies
  A naga mage (Zig:18)
  3 guardian serpents
  5 iron dragon skeletons
  3 elephants
  19 water nymphs
  11 black mambas
  5 centaur zombies
  6 stone giant skeletons
  A titan simulacrum (Tomb:3)
  64 smoke demons
  4 catoblepas zombies
  3 emperor scorpion zombies
  A shock serpent skeleton (Geh:7)
  3 black mambas (shapeshifter)
  23 orange demons
  12 molten gargoyles
  26 spiny frogs
  4 apocalypse crabs
  3 eyes of devastation
  2 gargoyles (Zig:13)
  5 spectral swamp worms (Depths:3)
  4 yaktaur zombies (Hell)
  6 dire elephant skeletons
  59 hellions
  2 spriggan skeletons (Zig:13)
  11 rime drakes
  A white draconian zombie (Crypt:2)
  2 yaktaurs (shapeshifter)
  18 torpor snails
  80 large abominations
  53 yaktaurs
  13 komodo dragons
  8 ancient zymes
  56 tormentors
  11 efreet
  37 demonic crawlers
  39 freezing wraiths
  31 hellwings
  51 ice devils
  A spectral glowing shapeshifter (Zig:27)
  69 red devils
  17 polar bears
  2 catoblepas skeletons
  73 guardian mummies
  A queen bee (shapeshifter) (Vaults:1)
  4 harpy zombies
  A queen bee (Abyss:5)
  A red draconian skeleton (Geh:5)
  A jumping spider (shapeshifter) (Zig:10)
  7 tyrant leeches
  10 wind drakes
  A silent spectre (Tar:4)
  2 polar bears (shapeshifter)
  A shadow dragon simulacrum (Zig:21)
  A wind drake (shapeshifter) (Vaults:5)
  14 hydra zombies
  4 meliai (Abyss:5)
  A meliai (shapeshifter) (Vaults:2)
  A troll (shapeshifter) (Depths:4)
  7 trolls
  A minotaur skeleton (Tar:7)
  46 merfolk
  11 hydra skeletons
  9 alligator zombies
  93 slime creatures
  A slime creature (shapeshifter) (Vaults:5)
  An iron dragon simulacrum (Coc:7)
  50 jumping spiders
  A tengu simulacrum (Zig:21)
  25 hornets
  A dream sheep (shapeshifter) (Zig:15)
  4 harpy skeletons
  10 blink frogs
  Prince Ribbit (D:7)
  Grinder (D:3)
  12 snapping turtles
  7 bog bodies
  7 fire dragon zombies
  A guardian serpent zombie (Crypt:1)
  16 raiju
  2 sphinx simulacra (Zig:14)
  19 hippogriffs
  A frost giant simulacrum (Zig:11)
  8 dream sheep
  2 hippogriffs (shapeshifter)
  6 ice dragon zombies
  A dire elephant simulacrum (Coc:6)
  49 shadows
  7 spriggan zombies
  Sigmund (D:4)
  A centaur simulacrum (D:13)
  8 fire dragon skeletons
  A redback (shapeshifter) (Vaults:2)
  3 alligator skeletons
  12 air elementals
  141 flying skulls
  3 tarantellas (shapeshifter)
  6 black mamba zombies
  12 ettin zombies
  4 spriggans
  38 tarantellas
  A vampire (D:15)
  41 ynoxinuls
  95 redbacks
  77 yaks
  2 yaks (shapeshifter)
  6 ettin skeletons
  29 water elementals
  5 ice dragon skeletons
  52 wraiths
  3 wyverns
  A wind drake zombie (Crypt:1)
  8 basilisks
  3 fire bats
  3 black mamba skeletons
  29 fire elementals
  3 hogs (D:9)
  A human (D:9)
  8 hungry ghosts
  20 ushabtiu
  4 golden eyes
  37 neqoxecs
  56 chaos spawn
  A yaktaur simulacrum (Vaults:3)
  4 vampire mosquitoes
  A merfolk zombie (Tar:7)
  Menkaure (D:5)
  7 insubstantial wisps
  13 wargs
  A soldier ant (shapeshifter) (Vaults:3)
  2 tengu zombies
  A swamp worm (shapeshifter) (Zig:15)
  5 spatial vortices
  7 porcupines
  A faun zombie (Crypt:2)
  2 hydra simulacra (Hell)
  2 deep troll zombies
  11 spiny frog zombies
  4 acid dragons
  22 water moccasins
  A naga (Zig:16)
  3 floating eyes (shapeshifter)
  7 sky beasts
  2 black bears
  110 hell hounds
  A merfolk skeleton (Geh:6)
  53 orc warriors
  8 spiny frog skeletons
  2 swamp drakes
  8 snapping turtle zombies
  9 eyes of draining
  25 ice beasts
  An alligator simulacrum (Coc:1)
  38 necrophages
  58 ogres
  26 small abominations
  A blink frog zombie (Crypt:1)
  3 manticore zombies
  16 phantoms
  2 swamp dragon zombies (Crypt:3)
  8 boggarts
  30 centaurs
  A manticore skeleton (Geh:1)
  8 snapping turtle skeletons
  43 wolves
  A swamp dragon skeleton (Crypt:2)
  24 crocodiles
  2 elf zombies
  26 bullfrogs
  2 big kobolds
  A gnoll sergeant (D:11)
  2 elf skeletons
  2 glowing shapeshifter simulacra
  A water moccasin zombie (Crypt:2)
  4 wyvern skeletons
  A spiny frog simulacrum (Coc:5)
  10 earth elementals
  5 scorpions
  A water moccasin skeleton (D:9)
  A snapping turtle simulacrum (Coc:6)
  8 killer bees (Abyss:5)
  158 wights
  3 elf simulacra
  3 howler monkeys
  14 crimson imps
  3 human zombies
  13 hounds
  3 bullfrog zombies
  4 centaur skeletons
  15 jellies
  A wyvern simulacrum (D:14)
  A gnoll shaman (D:7)
  30 orc priests
  Ijyb (D:4)
  3 bullfrog skeletons
  2 human skeletons
  47 iron imps
  9 iguanas
  An iguana (shapeshifter) (Depths:4)
  39 orc wizards
  Terence (D:3)
  4 hell rats (Hell)
  14 worker ants
  Natasha (D:3)
  A lightning spire (Zig:9)
  2 naga zombies
  An ogre zombie (Geh:7)
  A naga skeleton (Crypt:2)
  4 tengu skeletons
  3 hound zombies
  3 ogre skeletons
  A hound skeleton (D:8)
  91 mummies
  A worker ant zombie (D:11)
  10 gnolls
  A howler monkey skeleton (D:7)
  13 adders
  8 shadow imps
  14 white imps
  2 ufetubi (D:13)
  14 oozes
  4 adder skeletons
  An adder zombie (D:5)
  A worm (D:3)
  3 ball lightnings (Pan)
  2 leopard geckos (D:2)
  112 orcs
  3 ball pythons
  8 bats
  4 giant cockroaches
  9 goblins
  12 hobgoblins
  15 jackals
  10 kobolds
  5 quokkas
  A river rat zombie (Crypt:2)
  2 frilled lizards (D:4)
  3 goblin skeletons (D:8)
  4 goblin zombies (D:8)
  2 hobgoblin zombies (D:8)
  A jackal skeleton (D:8)
  4 kobold zombies
  2 leopard gecko skeletons
  An orc zombie (D:8)
  A quokka zombie (D:9)
  9 rats
  5 briar patches
  9 bushes
  3 crawling corpses (Vaults:3)
  A fire vortex (Geh:7)
  6 fungi
  30 plants
  7 starspawn tentacles
  6 tentacles
  5 withered plants (Crypt:3)
7495 creatures vanquished.

Vanquished Creatures (collateral kills)
  An orb of fire (Zot:5)
  A juggernaut (Zig:20)
  A Tzitzimitl (Tar:7)
  An iron giant (Dis:7)
  A Brimstone Fiend (Dis:7)
  An Ice Fiend (Coc:7)
  A Hell Sentinel (Dis:7)
  2 Orb Guardians (Zot:5)
  An eldritch tentacle (Pan)
  An ancient champion (Dis:7)
  A blood saint (Pan)
  A frost giant (Zig:20)
  An iron dragon (Dis:7)
  4 cacodemons
  A balrug (Pan)
  2 reapers (Dis:7)
  2 bennus (Zig:13)
  A black sun (Zig:17)
  A green draconian (Zot:5)
  A merfolk javelineer (Zig:18)
  A merfolk impaler (Zig:18)
  A mummy priest (Zig:9)
  An ice dragon (Coc:7)
  A centaur warrior (D:13)
  A sun demon (Pan)
  2 soul eaters (Pan)
  A shadow wraith (Zig:17)
  3 skeletal warriors
  A frost giant skeleton (Zig:9)
  2 smoke demons (Pan)
  An orange demon (Pan)
  2 spiny frogs (Zig:11)
  2 ice devils
  2 red devils (Pan)
  10 merfolk (Zig:18)
  A harpy zombie (Dis:7)
  A bog body (Coc:7)
  2 snapping turtles (Zig:18)
  2 fire dragon skeletons (Coc:7)
  4 flying skulls
  A shadow (Tar:7)
  An ushabti (Zig:9)
  An ice beast (Coc:7)
  A mummy (Zig:9)
  2 white imps (Coc:7)
73 creatures vanquished.

Vanquished Creatures (others)
  A Tzitzimitl (Zig:22)
  2 deep elf master archers
  An eldritch tentacle (Geh:7)
  An ancient champion (Tomb:2)
  A ghost moth (Zot:5)
  2 fire giants
  A frost giant (Zig:20)
  A corrupter (Zig:22)
  A draconian annihilator (Zig:7)
  3 stone giants
  A yellow draconian (Crypt:2)
  A deep elf annihilator (Vaults:4)
  A deep elf death mage (Zig:12)
  7 merfolk javelineers
  A deep elf high priest (Depths:4)
  A crystal guardian (Zig:13)
  3 yaktaur captains
  A hydra (Zig:18)
  An ice dragon (Zig:14)
  A naga warrior (Zig:18)
  5 merfolk aquamancers
  An alligator snapping turtle (Zig:18)
  A hell beast (Zig:22)
  2 satyrs
  An ogre mage (Zig:15)
  3 hell hogs
  13 death scarabs
  A spriggan berserker (Depths:1)
  A storm dragon zombie (Tomb:2)
  A deep elf knight (Crypt:3)
  2 skeletal warriors (Tomb:1)
  An anaconda zombie (Geh:7)
  3 deep elf archers
  A wolf spider (Spider:4)
  A faun (Shoals:4)
  3 cyclopes
  A frost giant zombie (Geh:7)
  A wolf spider zombie (Geh:7)
  4 deep elf magi
  3 moths of wrath
  An iron dragon skeleton (Coc:3)
  A guardian serpent (Zig:18)
  A frost giant skeleton (Geh:7)
  A naga mage (Zig:18)
  An orange demon (Pan)
  A rime drake (Zig:21)
  A freezing wraith (Zig:15)
  A komodo dragon (Lair:6)
  9 yaktaurs
  A merfolk (Zig:18)
  A jumping spider (Zig:25)
  A hydra skeleton (Tomb:3)
  A hornet (Zig:18)
  A dream sheep (Lair:6)
  A redback (Spider:4)
  A shadow (Geh:1)
  A wraith (Geh:2)
  A fire elemental (Geh:1)
  A neqoxec (Pan)
  A spiny frog zombie (Coc:3)
  A necrophage (Tar:6)
  A wolf (Lair:6)
  A boggart (Vaults:2)
  4 centaurs
  A wight (Zig:15)
  A tengu zombie (Tomb:1)
  7 mummies
  8 ball lightnings (Pan)
  An orc (D:9)
  A kobold zombie (Geh:7)
  A briar patch (Pan)
  5 bushes (Zig:21)
  3 demonic plants (Pan)
  9 fungi
  49 plants
  2 starspawn tentacles
  8 tentacles
  8 withered plants
220 creatures vanquished.

Grand Total: 7788 creatures vanquished

Notes
Turn   | Place    | Note
-------+----------+-------------------------------------------
     0 | D:1      | winWinterter the Formicid Fighter began the quest for the Orb.
     0 | D:1      | Reached XP level 1. HP: 18/18 MP: 1/1
    51 | D:1      | Reached XP level 2. HP: 14/24 MP: 2/2
   398 | D:1      | Reached XP level 3. HP: 29/29 MP: 3/3
   879 | D:2      | Found an iron altar of Okawaru.
  1010 | D:2      | Reached XP level 4. HP: 34/37 MP: 4/4
  1168 | D:2      | Found a white marble altar of Elyvilon.
  1857 | D:2      | Found a shadowy altar of Dithmenos.
  2006 | D:3      | Reached XP level 5. HP: 42/42 MP: 5/5
  2248 | D:3      | Noticed Terence
  2252 | D:3      | Killed Terence
  2285 | D:3      | Noticed Grinder
  2288 | D:3      | You fall through a shaft for 3 floors!
  2298 | D:6      | Reached skill level 1 in Maces & Flails
  2298 | D:6      | Reached XP level 6. HP: 48/48 MP: 6/6
  2385 | D:6      | Noticed a phantom
  2401 | D:6      | Killed a phantom
  2481 | D:6      | Found a shattered altar of Ashenzari.
  2490 | D:6      | Reached skill level 1 in Dodging
  2490 | D:6      | Reached XP level 7. HP: 54/55 MP: 7/7
  2592 | D:6      | Reached skill level 5 in Shields
  2597 | D:5      | Entered Level 5 of the Dungeon
  2819 | D:5      | Found a bloodstained altar of Trog.
  2868 | D:5      | Noticed Menkaure
  2877 | D:5      | Killed Menkaure
  3038 | D:5      | Reached skill level 5 in Fighting
  3038 | D:5      | Reached XP level 8. HP: 48/62 MP: 8/8
  3207 | D:5      | Reached skill level 5 in Maces & Flails
  3361 | D:5      | Found a staircase to the Ecumenical Temple.
  3444 | Temple   | Entered the Ecumenical Temple
  3672 | Temple   | Became a worshipper of Warmaster Okawaru
  3775 | D:5      | Found a hazy altar of Hepliaklqana.
  4181 | D:4      | Reached skill level 1 in Invocations
  4441 | D:4      | Reached skill level 1 in Throwing
  4467 | D:4      | Noticed Ijyb
  4474 | D:4      | Killed Ijyb
  4825 | D:4      | Reached XP level 9. HP: 69/69 MP: 10/10
  4835 | D:4      | Noticed Sigmund
  4857 | D:4      | Killed Sigmund
  4857 | D:4      | Reached * piety under Okawaru
  5219 | D:3      | Killed Grinder
  5219 | D:3      | Reached skill level 5 in Armour
  5387 | D:3      | Noticed Natasha
  5392 | D:3      | Killed Natasha
  6232 | D:7      | Noticed Prince Ribbit
  6245 | D:7      | Killed Prince Ribbit
  6245 | D:7      | Reached ** piety under Okawaru
  6609 | D:7      | Reached XP level 10. HP: 77/77 MP: 12/12
  6884 | D:7      | Found an opulent altar of Gozag.
  6888 | D:7      | Found a sacrificial altar of Ru.
  7003 | D:8      | Found a burning altar of Makhleb.
  7005 | D:8      | Found a basalt altar of Yredelemnul.
  7026 | D:8      | Found an ancient bone altar of Kikubaaqudgha.
  7038 | D:8      | Found Josieda's General Store.
  7060 | D:8      | Found a glowing golden altar of the Shining One.
  7286 | D:8      | Found a hide-covered altar of Uskayaw.
  7411 | D:8      | Gained mutation: Your mind is acute. (Int +2) [mutagenic meat]
  7412 | D:8      | Gained mutation: You are agile. (Dex +2) [mutagenic meat]
  7413 | D:8      | Gained mutation: You are partially covered in slimy green scales. (AC +2) [mutagenic meat]
  7465 | D:8      | Noticed dxctxrx's ghost (novice DsMo)
  7476 | D:8      | Killed dxctxrx's ghost
  7476 | D:8      | Reached *** piety under Okawaru
  7983 | D:9      | Reached **** piety under Okawaru
  8009 | D:9      | Found a staircase to the Orcish Mines.
  8152 | D:9      | Reached skill level 5 in Invocations
  8240 | D:9      | Reached XP level 11. HP: 82/85 MP: 14/14
  8291 | D:9      | Reached skill level 5 in Axes
  8407 | D:9      | Noticed a two-headed ogre
  8417 | D:9      | Killed a two-headed ogre
  8417 | D:9      | Reached ***** piety under Okawaru
  8417 | D:9      | Received a gift from Okawaru
  8417 | D:9      | Received a gift from Okawaru
  9004 | D:9      | Found a deep blue altar of Sif Muna.
  9079 | D:10     | Entered Level 10 of the Dungeon
  9148 | D:10     | Noticed an unseen horror
  9165 | D:10     | Killed an unseen horror
  9265 | D:10     | Noticed an unseen horror
  9277 | D:10     | Killed an unseen horror
  9281 | D:10     | Lost mutation: You are partially covered in slimy green scales. (AC +2) [mutagenic meat]
  9282 | D:10     | Gained mutation: You are partially covered in thin metallic scales. (AC +2) [mutagenic meat]
  9283 | D:10     | Gained mutation: Your flesh is heat resistant. (rF+) [mutagenic meat]
  9536 | D:10     | Found Uhis Qol's Assorted Antiques.
  9718 | D:10     | Noticed Fannar
  9744 | D:10     | Killed Fannar
  9817 | D:10     | Found a blossoming altar of Fedhas.
  9968 | D:11     | Reached XP level 12. HP: 93/93 MP: 16/16
  9976 | D:11     | Found a sacrificial altar of Ru.
 10057 | D:11     | Noticed a two-headed ogre
 10065 | D:11     | Killed a two-headed ogre
 10855 | D:11     | Received a gift from Okawaru
 10864 | D:11     | Found a staircase to the Lair.
 11264 | Lair:1   | Entered Level 1 of the Lair of Beasts
 11347 | Lair:1   | Reached skill level 10 in Axes
 11471 | Lair:1   | Found a frozen archway.
 11480 | IceCv    | Entered an ice cave
 11609 | IceCv    | Received a gift from Okawaru
 11619 | IceCv    | Got a warped crystal plate armour {god gift}
 11630 | IceCv    | Identified the +12 crystal plate armour of Istupiotas {rF+} (Okawaru gifted it to you in an ice cave)
 11654 | IceCv    | Noticed a death yak
 11672 | IceCv    | Killed a death yak
 11779 | IceCv    | Reached XP level 13. HP: 91/101 MP: 15/18
 11904 | IceCv    | Reached skill level 10 in Fighting
 12157 | IceCv    | Noticed a frost giant
 12181 | IceCv    | Killed a frost giant
 12190 | IceCv    | Received a gift from Okawaru
 12637 | Lair:1   | Found a hide-covered altar of Uskayaw.
 12787 | Lair:1   | Received a gift from Okawaru
 12788 | Lair:1   | Got a blackened scimitar {god gift}
 12789 | Lair:1   | Identified the +7 scimitar "Piten" {slice, *Corrode rPois MR+++} (Okawaru gifted it to you on level 1 of the Lair of Beasts)
 13376 | Lair:2   | Reached skill level 10 in Shields
 13590 | Lair:2   | Found a staircase to the Shoals.
 13619 | Lair:2   | Found a hole to the Spider Nest.
 14221 | Lair:3   | Received a gift from Okawaru
 14222 | Lair:3   | Noticed an eight-headed hydra
 14223 | Lair:3   | Noticed a seven-headed hydra
 14235 | Lair:3   | Killed a five-headed hydra
 14235 | Lair:3   | Reached XP level 14. HP: 87/110 MP: 13/20
 14395 | Lair:3   | Received a gift from Okawaru
 16648 | Lair:6   | Entered Level 6 of the Lair of Beasts
 16744 | Lair:6   | Received a gift from Okawaru
 16941 | D:8      | Bought a scroll of brand weapon for 240 gold pieces
 17457 | Lair:6   | Found a staircase to the Slime Pits.
 17467 | Lair:6   | Reached skill level 15 in Axes
 17814 | Lair:6   | Found a runed door.
 17943 | Lair:6   | Reached XP level 15. HP: 110/118 MP: 21/21
 18117 | Lair:6   | Received a gift from Okawaru
 18613 | D:12     | Found Hoinnuma's Antique Armour Boutique.
 19686 | D:13     | Identified a scroll of acquirement
 19687 | D:13     | Got a dazzling cloak
 19698 | D:13     | Identified the +2 cloak "Ciagg" {-Cast rPois rF+ rC+} (You acquired it on level 13 of the Dungeon)
 19918 | D:13     | Noticed Azrael
 19922 | D:13     | Received a gift from Okawaru
 19923 | D:13     | Got a warped battleaxe {god gift}
 19941 | D:13     | Killed Azrael
 19955 | D:13     | Identified the +6 battleaxe "Itud Fug" {drain, rF+} (Okawaru gifted it to you on level 13 of the Dungeon)
 20078 | D:13     | Found a gate to the Vaults.
 20638 | D:14     | Found Vof Baun's Distillery.
 20647 | D:14     | Bought a potion of agility for 60 gold pieces
 20647 | D:14     | Bought a potion of agility for 60 gold pieces
 20672 | D:14     | Found a labyrinth entrance.
 20691 | Lab      | Entered a labyrinth
 20964 | Lab      | Got a faintly humming leather armour
 21227 | Spider:1 | Entered Level 1 of the Spider Nest
 21291 | Spider:1 | Noticed an emperor scorpion
 21307 | Spider:1 | Killed an emperor scorpion
 21348 | Spider:1 | Received a gift from Okawaru
 21374 | Spider:1 | Noticed Paps's ghost (journeyman MiFi)
 21398 | Spider:1 | Killed Paps's ghost
 21398 | Spider:1 | Reached XP level 16. HP: 75/126 MP: 7/22
 22534 | Spider:2 | Reached skill level 5 in Throwing
 22534 | Spider:2 | Reached skill level 10 in Armour
 23941 | Spider:2 | Received a gift from Okawaru
 24151 | Spider:2 | Reached ****** piety under Okawaru
 24807 | Spider:3 | Reached XP level 17. HP: 134/134 MP: 23/23
 25217 | Spider:4 | Entered Level 4 of the Spider Nest
 25257 | Spider:3 | Received a gift from Okawaru
 25724 | Spider:4 | Noticed Louise
 25748 | Spider:4 | Killed Louise
 25942 | Spider:4 | Noticed Aizul
 25958 | Spider:4 | Killed Aizul
 26321 | Spider:4 | Received a gift from Okawaru
 26482 | Spider:4 | Noticed Arachne
 26506 | Spider:4 | Killed Arachne
 26727 | Spider:4 | Noticed Donald
 26746 | Spider:4 | Killed Donald
 26786 | Spider:4 | Reached XP level 18. HP: 143/143 MP: 2/24
 26877 | Spider:4 | Received a gift from Okawaru
 26880 | Spider:4 | Got a polished battleaxe {god gift}
 26886 | Spider:4 | Identified the +2 battleaxe of Compassion {chop, +Fly rPois rN+ Int-5} (Okawaru gifted it to you on level 4 of the Spider Nest)
 26922 | Spider:4 | Got a gossamer rune of Zot
 27170 | Shoals:1 | Entered Level 1 of the Shoals
 27190 | Lair:2   | Got a pair of scorched gloves
 27201 | Lair:2   | Identified the +0 pair of gloves of the Vacuum {-Cast rF++ rN+ MR+} (You acquired it on level 2 of the Lair of Beasts)
 27208 | Shoals:1 | Upgraded the game from 0.20-a0-957-g47ad1fd to 0.20-a0-959-gdc9e609
 28262 | Shoals:2 | Received a gift from Okawaru
 28422 | Shoals:2 | Noticed Polyphemus
 28449 | Shoals:2 | Killed Polyphemus
 28915 | Shoals:3 | Got a twisted chain mail
 28917 | Shoals:3 | Identified the +2 chain mail of Leaves {Int+7} (You found it on level 3 of the Shoals)
 29993 | Shoals:4 | Entered Level 4 of the Shoals
 30037 | Shoals:4 | Reached XP level 19. HP: 148/152 MP: 22/25
 30103 | Shoals:4 | Received a gift from Okawaru
 30461 | Shoals:4 | Reached skill level 10 in Throwing
 30627 | Shoals:4 | Got a barnacled rune of Zot
 30821 | Shoals:4 | Noticed Ilsuiw
 30858 | Shoals:4 | Killed Ilsuiw
 31081 | Shoals:4 | Received a gift from Okawaru
 31546 | Shoals:4 | Received a gift from Okawaru
 31756 | Shoals:4 | Got transparent pearl dragon scales
 31757 | Shoals:4 | Identified the cursed +1 pearl dragon scales "Ysohucoa" {rElec rN+ MR+ rCorr} (You took it off a merfolk on level 4 of the Shoals)
 31983 | Orc:1    | Entered Level 1 of the Orcish Mines
 32154 | Orc:1    | Reached skill level 15 in Fighting
 32175 | Orc:1    | Noticed Josephine
 32183 | Orc:1    | Killed Josephine
 32183 | Orc:1    | Received a gift from Okawaru
 32352 | Orc:2    | Entered Level 2 of the Orcish Mines
 32462 | Orc:2    | Found a staircase to the Elven Halls.
 32783 | Orc:2    | Received a gift from Okawaru
 32810 | Orc:2    | Found Koujoull's Antique Armour Shop.
 32810 | Orc:2    | Found Ciwid's Gadget Shoppe.
 32812 | Orc:2    | Found Zanotusm's Distillery.
 32812 | Orc:2    | Found Douh's Armour Shoppe.
 32820 | Orc:2    | Bought a potion of agility for 68 gold pieces
 32980 | Orc:1    | Noticed Nergalle
 32994 | Orc:1    | Killed Nergalle
 32994 | Orc:1    | Reached skill level 15 in Shields
 33275 | Vaults:1 | Entered Level 1 of the Vaults
 33280 | Vaults:1 | Reached XP level 20. HP: 162/162 MP: 26/26
 33360 | Vaults:1 | Found Gaevonn's Armour Emporium.
 34149 | Vaults:1 | Received a gift from Okawaru
 34323 | Vaults:1 | Reached skill level 10 in Invocations
 34576 | Vaults:1 | Noticed Asterion
 34606 | Vaults:1 | Killed Asterion
 35310 | Vaults:2 | Noticed Margery
 35321 | Vaults:2 | Noticed Nikola
 35339 | Vaults:2 | Killed Nikola
 35339 | Vaults:2 | Received a gift from Okawaru
 35353 | Vaults:2 | Killed Margery
 35353 | Vaults:2 | Reached XP level 21. HP: 171/171 MP: 21/28
 35759 | Vaults:2 | Received a gift from Okawaru
 35764 | Vaults:2 | Got a polished war axe {god gift}
 35767 | Vaults:2 | Identified the +6 war axe of Courage {speed, rElec Int+3} (Okawaru gifted it to you on level 2 of the Vaults)
 36467 | Vaults:2 | Received a gift from Okawaru
 36518 | Vaults:2 | Got a pitted plate armour {god gift}
 36519 | Vaults:2 | Identified the +9 plate armour of Love and Death {rF+ rN+ MP+9} (Okawaru gifted it to you on level 2 of the Vaults)
 36680 | Vaults:2 | Found a staircase to the Crypt.
 37611 | Vaults:3 | Reached XP level 22. HP: 182/182 MP: 28/30
 37922 | Vaults:3 | Noticed Bai Suzhen
 37932 | Vaults:3 | Killed Bai Suzhen
 38119 | Vaults:3 | Received a gift from Okawaru
 38468 | Vaults:4 | Received a gift from Okawaru
 38473 | Vaults:4 | Got a spiked large shield {god gift}
 38581 | Vaults:4 | Found Awuff's Food Shop.
 38597 | Vaults:4 | Identified the +6 large shield of Thoughtfulness {*Corrode rPois rF+ MR++} (Okawaru gifted it to you on level 4 of the Vaults)
 38854 | Vaults:4 | Found Fuwuotae's Jewellery Emporium.
 39011 | Vaults:4 | Found Amniumul's Jewellery Boutique.
 39041 | Vaults:4 | Noticed Jorgrun
 39059 | Vaults:4 | Killed Jorgrun
 39836 | Elf:1    | Entered Level 1 of the Elven Halls
 39968 | Elf:1    | Received a gift from Okawaru
 40087 | Elf:1    | Reached XP level 23. HP: 187/190 MP: 30/32
 40729 | Elf:2    | Received a gift from Okawaru
 40809 | Elf:2    | Found a runed gate.
 40811 | Elf:2    | Found a runed gate.
 40811 | Elf:2    | Found a runed gate.
 40866 | Elf:2    | Received a gift from Okawaru
 40934 | Elf:2    | Received a gift from Okawaru
 41245 | Elf:2    | Received a gift from Okawaru
 41534 | Elf:2    | Got a bloodstained long sword
 41535 | Elf:2    | Identified the +7 long sword of Parts Unknown {slice, *Drain +Fly rElec Dex-5} (You found it on level 2 of the Elven Halls)
 41715 | Elf:2    | Received a gift from Okawaru
 42058 | Elf:3    | Entered Level 3 of the Elven Halls
 42100 | Elf:3    | Received a gift from Okawaru
 42101 | Elf:3    | Got a smoking battleaxe {god gift}
 42105 | Elf:3    | Identified the +6 battleaxe of Okawaru's Displeasure {pain, Str+2 Dex+5} (Okawaru gifted it to you on level 3 of the Elven Halls)
 43455 | Elf:3    | Received a gift from Okawaru
 43494 | Elf:3    | Reached XP level 24. HP: 168/200 MP: 25/33
 43510 | Elf:3    | Received a gift from Okawaru
 43947 | Elf:3    | Learned a level 4 spell: Animate Dead
 43957 | Elf:3    | Identified the Compendium of the Volcanoes and Good Luck
 43959 | Elf:3    | Identified the Almanac of the Entrancing Rocks
 43998 | Elf:3    | Got a bound pewter ring
 43999 | Elf:3    | Got an ebony halberd {venom}
 44003 | Elf:3    | Identified the ring "Jorane" {MR+ Str+4 Int+2 SInv Stlth+} (You took it off a deep elf demonologist on level 3 of the Elven Halls)
 44031 | Elf:3    | Reached skill level 1 in Necromancy
 44253 | Elf:3    | Got a brightly glowing battleaxe {chaos}
 44286 | Elf:3    | Got a brightly glowing scale mail
 44287 | Elf:3    | Identified the cursed +2 battleaxe of Fate {chaos, rElec rPois Str+4} (You took it off a deep elf death mage on level 3 of the Elven Halls)
 44288 | Elf:3    | Identified the cursed +1 scale mail of Iniy {Regen+ Str+2 Slay+3} (You found it on level 3 of the Elven Halls)
 44965 | Vaults:5 | Entered Level 5 of the Vaults
 44978 | Vaults:5 | Received a gift from Okawaru
 44994 | Vaults:5 | Received a gift from Okawaru
 45021 | Vaults:5 | Noticed kidcy's ghost (veteran DrIE)
 45046 | Vaults:5 | Killed kidcy's ghost
 45050 | Vaults:5 | Received a gift from Okawaru
 45125 | Vaults:5 | Noticed a golden dragon
 45163 | Vaults:5 | Killed a golden dragon
 45163 | Vaults:5 | Received a gift from Okawaru
 45346 | Vaults:5 | Received a gift from Okawaru
 45554 | Vaults:5 | Reached XP level 25. HP: 210/210 MP: 33/33
 45674 | Vaults:5 | Got a silver rune of Zot
 46442 | Vaults:5 | Noticed an ancient lich
 46468 | Vaults:5 | Killed an ancient lich
 46652 | Vaults:5 | Got a twisted battleaxe
 46654 | Vaults:5 | Identified the +1 battleaxe "Eviscerator" {chop, rC+ MR+ Str+3} (You found it on level 5 of the Vaults)
 46718 | Vaults:5 | Received a gift from Okawaru
 46763 | Vaults:5 | Got a twitching copper ring
 46768 | Vaults:5 | Identified the ring "Heck" {Str+4 Int+3} (You took it off a deep elf elementalist on level 5 of the Vaults)
 47184 | Slime:1  | Entered Level 1 of the Pits of Slime
 47690 | Slime:2  | Received a gift from Okawaru
 47702 | Slime:3  | Gained mutation: Your spells are a little harder to cast, but a little more powerful. [a shining eye]
 47751 | Slime:4  | Gained mutation: Your magical capacity is low. (-10% MP) [a shining eye]
 47753 | Slime:4  | Lost mutation: Your spells are a little harder to cast, but a little more powerful. [a shining eye]
 47879 | Slime:5  | Entered Level 5 of the Pits of Slime
 48033 | Slime:5  | Noticed the Royal Jelly
 48058 | Slime:5  | Killed the Royal Jelly
 48080 | Slime:5  | Reached XP level 26. HP: 219/219 MP: 14/30
 48215 | Slime:5  | Got a slimy rune of Zot
 48235 | Slime:5  | Identified the Handbook of Augmentations
 48268 | Slime:5  | Got a flickering ruby amulet
 48269 | Slime:5  | Identified the amulet of Cuased Lovui {RegenMP *Drain Str+3 Dex+2} (You found it on level 5 of the Pits of Slime)
 48610 | D:8      | Fell from the grace of Okawaru
 48610 | D:8      | Became a worshipper of the Shining One
 48814 | Crypt:1  | Entered Level 1 of the Crypt
 48829 | Crypt:1  | Learned a level 5 spell: Silence
 48832 | Crypt:1  | Learned a level 2 spell: Song of Slaying
 48892 | Crypt:1  | Reached * piety under the Shining One
 48993 | Crypt:1  | Reached ** piety under the Shining One
 49043 | Crypt:1  | Noticed Khufu
 49066 | Crypt:1  | Killed Khufu
 49258 | Crypt:1  | Noticed a greater mummy
 49664 | Crypt:1  | Reached *** piety under the Shining One
 50171 | Crypt:2  | Reached **** piety under the Shining One
 51041 | Crypt:2  | Got a bound sapphire amulet
 51042 | Crypt:2  | Identified the amulet of Jeitaje {RegenMP Str+2} (You acquired it on level 2 of the Crypt)
 51286 | Crypt:2  | Reached ***** piety under the Shining One
 51311 | Crypt:3  | Entered Level 3 of the Crypt
 51739 | Crypt:3  | Identified the Guide on Icy Envenoming
 52046 | Crypt:3  | Reached ****** piety under the Shining One
 52135 | Crypt:3  | Noticed an ancient lich
 52138 | Crypt:3  | Noticed an ancient lich
 52144 | Crypt:3  | Killed an ancient lich
 52152 | Crypt:3  | Killed an ancient lich
 52295 | Crypt:3  | Reached XP level 27. HP: 228/228 MP: 30/30
 52567 | Crypt:3  | Found a staircase to the Tomb.
 52698 | Crypt:3  | Found an ancient bone altar of Kikubaaqudgha.
 53063 | Crypt:3  | Noticed an ancient lich
 53073 | Crypt:3  | Killed an ancient lich
 53187 | Crypt:3  | Got a fine ring mail
 53188 | Crypt:3  | Identified the +3 ring mail of Bonnu {Dex+2} (You found it on level 3 of the Crypt)
 53553 | Crypt:1  | Killed a greater mummy
 54622 | D:14     | Reached skill level 15 in Armour
 54724 | D:15     | Entered Level 15 of the Dungeon
 54725 | D:15     | Upgraded the game from 0.20-a0-959-gdc9e609 to 0.20-a0-967-g62cfa5d
 54729 | D:15     | Found a staircase to the Depths.
 54950 | D:15     | Found Decim's Weapon Shop.
 55016 | D:15     | Noticed Agnes
 55022 | D:15     | Killed Agnes
 55220 | D:15     | Noticed Roxanne
 55523 | D:15     | Killed Roxanne
 55524 | D:15     | Identified Roxanne's Disquisition on Stones (You took it off Roxanne on level 15 of the Dungeon)
 55579 | Depths:1 | Entered Level 1 of the Depths
 55669 | Depths:1 | Found a huge runed gate.
 55669 | Depths:1 | Found a huge runed gate.
 55669 | Depths:1 | Found a huge runed gate.
 55669 | Depths:1 | Found a huge runed gate.
 55669 | Depths:1 | Found a huge runed gate.
 55669 | Depths:1 | Found a huge runed gate.
 55670 | Depths:1 | Found a huge runed gate.
 55671 | Depths:1 | Found a huge runed gate.
 55672 | Depths:1 | Found a huge runed gate.
 55673 | Depths:1 | Found a huge runed gate.
 55674 | Depths:1 | Found a huge runed gate.
 55675 | Depths:1 | Found a huge runed gate.
 55676 | Depths:1 | Found a huge runed gate.
 55677 | Depths:1 | Found a huge runed gate.
 55678 | Depths:1 | Found a huge runed gate.
 55686 | Depths:1 | Found a huge runed gate.
 55686 | Depths:1 | Found a huge runed gate.
 55686 | Depths:1 | Found a huge runed gate.
 55686 | Depths:1 | Found a huge runed gate.
 55686 | Depths:1 | Found a huge runed gate.
 55686 | Depths:1 | Found a huge runed gate.
 55686 | Depths:1 | Found a huge runed gate.
 55717 | Depths:1 | Found a huge runed gate.
 55719 | Depths:1 | Found a huge runed gate.
 55952 | Depths:1 | Found a snail-covered altar of Cheibriados.
 56069 | Depths:1 | Found a gateway to Hell.
 56290 | Depths:1 | Found a huge runed gate.
 56290 | Depths:1 | Found a huge runed gate.
 56295 | Depths:1 | Found a huge runed gate.
 56296 | Depths:1 | Found a huge runed gate.
 56386 | Depths:1 | Found a huge runed gate.
 56386 | Depths:1 | Found a huge runed gate.
 56389 | Depths:1 | Found a huge runed gate.
 56389 | Depths:1 | Found a huge runed gate.
 56389 | Depths:1 | Found a huge runed gate.
 56389 | Depths:1 | Found a huge runed gate.
 56389 | Depths:1 | Found a huge runed gate.
 56389 | Depths:1 | Found a huge runed gate.
 56507 | Depths:1 | Noticed a juggernaut
 56527 | Depths:1 | Killed a juggernaut
 56581 | Depths:1 | Was forgiven by Okawaru
 57272 | Depths:2 | Found a gateway to a ziggurat.
 57487 | Depths:2 | Noticed a juggernaut
 57497 | Depths:2 | Killed a juggernaut
 57546 | Depths:2 | Got a distressingly furry scale mail
 57547 | Depths:2 | Identified the +2 scale mail "Wawuleacyfe" {MR+ Int+4} (You found it on level 2 of the Depths)
 58110 | Depths:3 | Noticed Mara
 58111 | Depths:3 | Noticed winWinterter's illusion
 58131 | Depths:3 | Killed Mara
 58139 | Depths:3 | Noticed Xtahua
 58152 | Depths:3 | Killed Xtahua
 58372 | Depths:3 | Found a one-way gate leading to the halls of Pandemonium.
 58406 | Depths:3 | Found a one-way gate to the infinite horrors of the Abyss.
 58463 | Depths:3 | Noticed Mennas
 58495 | Depths:3 | Killed Mennas
 59186 | Depths:4 | Noticed a juggernaut
 59193 | Depths:4 | Killed a juggernaut
 59207 | Depths:4 | Noticed a juggernaut
 59221 | Depths:4 | Killed a juggernaut
 59232 | Depths:4 | Noticed a juggernaut
 59252 | Depths:4 | Killed a juggernaut
 59849 | Depths:5 | Entered Level 5 of the Depths
 60346 | Depths:5 | Found a gate to the Realm of Zot.
 60647 | Depths:5 | Identified a +8 executioner's axe of holy wrath (a +6 executioner's axe of freezing blessed by the Shining One)
 60647 | Depths:5 | Received a gift from the Shining One
 60673 | Depths:5 | Voluntarily entered the Abyss.
 61389 | Abyss:1  | Gained mutation: You are frail. (-10% HP) [a neqoxec]
 61469 | Abyss:3  | Lost mutation: Your mind is acute. (Int +2) [a neqoxec]
 61820 | Abyss:5  | Entered Level 5 of the Abyss
 61820 | Abyss:5  | Found a corrupted altar of Lugonu.
 61891 | Abyss:5  | Got an abyssal rune of Zot
 61912 | Depths:5 | Escaped the Abyss
 61966 | Depths:3 | Lost mutation: Your magical capacity is low. (-10% MP) [potion of mutation]
 61966 | Depths:3 | Lost mutation: You are agile. (Dex +2) [potion of mutation]
 61966 | Depths:3 | Gained mutation: You are agile. (Dex +2) [potion of mutation]
 61966 | Depths:3 | Gained mutation: You have a somewhat thin skeletal structure. (Dex +2, Stealth) [potion of mutation]
 61966 | Depths:3 | Gained mutation: You have large cloven feet. [potion of mutation]
 62032 | Depths:1 | Lost mutation: You have large cloven feet. [potion of mutation]
 62032 | Depths:1 | Lost mutation: You are frail. (-10% HP) [potion of mutation]
 62032 | Depths:1 | Lost mutation: Your flesh is heat resistant. (rF+) [potion of mutation]
 62032 | Depths:1 | Lost mutation: You are agile. (Dex +2) [potion of mutation]
 62032 | Depths:1 | Gained mutation: You do not regenerate when monsters are visible. [potion of mutation]
 62032 | Depths:1 | Gained mutation: You are partially covered in rugged brown scales. (AC +1, +3% HP) [potion of mutation]
 62251 | D:9      | Lost mutation: You are partially covered in rugged brown scales. (AC +1, +3% HP) [potion of mutation]
 62251 | D:9      | Lost mutation: You do not regenerate when monsters are visible. [potion of mutation]
 62251 | D:9      | Gained mutation: Your body sometimes deteriorates upon taking damage. [potion of mutation]
 62251 | D:9      | Lost mutation: You have a somewhat thin skeletal structure. (Dex +2, Stealth) [potion of mutation]
 62251 | D:9      | Gained mutation: You are partially covered in yellow scales. (AC +2) [potion of mutation]
 62252 | D:9      | Lost mutation: You are partially covered in thin metallic scales. (AC +2) [potion of mutation]
 62252 | D:9      | Lost mutation: Your body sometimes deteriorates upon taking damage. [potion of mutation]
 62252 | D:9      | Lost mutation: You are partially covered in yellow scales. (AC +2) [potion of mutation]
 62252 | D:9      | Gained mutation: Your spells are a little easier to cast, but a little less powerful. [potion of mutation]
 62252 | D:9      | Gained mutation: You are frail. (-10% HP) [potion of mutation]
 62252 | D:9      | Gained mutation: You are covered in fur. (AC +1) [potion of mutation]
 62253 | D:9      | Lost mutation: Your spells are a little easier to cast, but a little less powerful. [potion of mutation]
 62253 | D:9      | Lost mutation: You are frail. (-10% HP) [potion of mutation]
 62253 | D:9      | Lost mutation: You are covered in fur. (AC +1) [potion of mutation]
 62253 | D:9      | Gained mutation: You have very sharp teeth. [potion of mutation]
 62253 | D:9      | Gained mutation: You are resistant to hostile enchantments. (MR+) [potion of mutation]
 62964 | Zot:1    | Entered Level 1 of the Realm of Zot
 66901 | Zot:5    | Entered Level 5 of the Realm of Zot
 67464 | Zot:5    | Noticed an ancient lich
 67477 | Zot:5    | Killed an ancient lich
 67612 | Zot:5    | Noticed an ancient lich
 67619 | Zot:5    | Killed an ancient lich
 67872 | Zot:5    | Reached skill level 27 in Fighting
 67990 | Zot:5    | Noticed an orb of fire
 68002 | Zot:5    | Gained mutation: Your natural rate of healing is unusually fast. [an orb of fire]
 68010 | Zot:5    | Killed an orb of fire
 68239 | Zot:5    | Noticed an orb of fire
 68240 | Zot:5    | Gained mutation: Your spells are a little easier to cast, but a little less powerful. [an orb of fire]
 68242 | Zot:5    | Gained mutation: You expend magic power (3 MP) to strengthen your wands. [an orb of fire]
 68247 | Zot:5    | Killed an orb of fire
 68299 | Zot:5    | Got a brightly glowing dagger {pierce}
 68301 | Zot:5    | Identified the +4 dagger of Impeachment {pierce, +Rage rElec Dex-3} (You took it off a white draconian on level 5 of the Realm of Zot)
 68315 | Zot:5    | Noticed an orb of fire
 68332 | Zot:5    | Killed an orb of fire
 68365 | Zot:5    | Noticed an ancient lich
 68375 | Zot:5    | Killed an ancient lich
 68464 | Zot:5    | Noticed an orb of fire
 68479 | Zot:5    | Gained mutation: You are dopey. (Int -2) [an orb of fire]
 68483 | Zot:5    | Killed an orb of fire
 68484 | Zot:5    | Noticed an orb of fire
 68495 | Zot:5    | Killed an orb of fire
 68605 | Zot:5    | Cast into level 5 of the Abyss (a Zot trap)
 68605 | Abyss:5  | Entered Level 5 of the Abyss
 68673 | Abyss:5  | Reached skill level 15 in Invocations
 68795 | Abyss:5  | Reached skill level 15 in Throwing
 68852 | Zot:5    | Escaped the Abyss
 69049 | Zot:5    | Reached skill level 27 in Shields
 69134 | Hell     | Entered the Vestibule of Hell
 69141 | Hell     | Noticed Geryon
 69175 | Hell     | Killed Geryon
 69208 | Hell     | Found a gateway to the decaying netherworld of Tartarus.
 69319 | Hell     | Found a gateway to the ashen valley of Gehenna.
 69477 | Hell     | Found a gateway to the Iron City of Dis.
 69552 | Hell     | Found a gateway to the freezing wastes of Cocytus.
 69728 | Dis:1    | Entered Level 1 of the Iron City of Dis
 73779 | Dis:6    | Reached skill level 27 in Axes
 74325 | Dis:7    | Entered Level 7 of the Iron City of Dis
 75457 | Dis:7    | Got a warped scale mail
 75464 | Dis:7    | Identified the Volume of Calling and Ice
 75474 | Dis:7    | Identified the cursed +0 scale mail "Kygiem" {rN+++ Str-2 Dex-3 Slay+6} (You found it on level 7 of the Iron City of Dis)
 75894 | Dis:7    | Gained mutation: You are frail. (-10% HP) [a cacodemon]
 76163 | Dis:7    | Noticed Dispater
 76177 | Dis:7    | Killed Dispater
 76197 | Dis:7    | Got an iron rune of Zot
 76372 | Dis:7    | Gained mutation: Scrolls take you a little longer to read. [a cacodemon]
 76567 | Geh:1    | Entered Level 1 of Gehenna
 76634 | Depths:5 | Lost mutation: You are dopey. (Int -2) [potion of mutation]
 76634 | Depths:5 | Lost mutation: Scrolls take you a little longer to read. [potion of mutation]
 76634 | Depths:5 | Gained mutation: You are covered in fur. (AC +1) [potion of mutation]
 76634 | Depths:5 | Gained mutation: Your mind is acute. (Int +2) [potion of mutation]
 76634 | Depths:5 | Lost mutation: Your spells are a little easier to cast, but a little less powerful. [potion of mutation]
 76635 | Depths:5 | Lost mutation: Your mind is acute. (Int +2) [potion of mutation]
 76635 | Depths:5 | Lost mutation: Your natural rate of healing is unusually fast. [potion of mutation]
 76635 | Depths:5 | Lost mutation: You are frail. (-10% HP) [potion of mutation]
 76635 | Depths:5 | Lost mutation: You expend magic power (3 MP) to strengthen your wands. [potion of mutation]
 76635 | Depths:5 | Gained mutation: You occasionally shout uncontrollably at your foes. [potion of mutation]
 76635 | Depths:5 | Gained mutation: Your muscles are strong. (Str +2) [potion of mutation]
 78643 | Geh:3    | Found a burning altar of Makhleb.
 79229 | Geh:6    | Gained mutation: Your spells are a little easier to cast, but a little less powerful. [mutagenic glow]
 79646 | Geh:7    | Entered Level 7 of Gehenna
 80202 | Geh:7    | Identified the Grimoire of the Twisted Blaze
 80440 | Geh:7    | Gained mutation: Your magical capacity is low. (-10% MP) [mutagenic glow]
 80467 | Geh:7    | Gained mutation: You do not regenerate when monsters are visible. [mutagenic glow]
 80540 | Geh:7    | Gained mutation: You expend magic power (3 MP) to strengthen your wands. [mutagenic glow]
 80572 | Geh:7    | Lost mutation: Your muscles are strong. (Str +2) [mutagenic glow]
 80627 | Geh:7    | Gained mutation: You are clumsy. (Dex -2) [mutagenic glow]
 80661 | Geh:7    | Gained mutation: You sometimes yell uncontrollably at your foes. [mutagenic glow]
 80686 | Geh:7    | Gained mutation: Scrolls take you a little longer to read. [mutagenic glow]
 80779 | Geh:7    | Lost mutation: Your magical capacity is low. (-10% MP) [potion of mutation]
 80779 | Geh:7    | Lost mutation: You sometimes yell uncontrollably at your foes. [potion of mutation]
 80779 | Geh:7    | Lost mutation: You are covered in fur. (AC +1) [potion of mutation]
 80779 | Geh:7    | Lost mutation: You expend magic power (3 MP) to strengthen your wands. [potion of mutation]
 80779 | Geh:7    | Gained mutation: You are somewhat resistant to further mutation. [potion of mutation]
 80780 | Geh:7    | Lost mutation: Scrolls take you a little longer to read. [potion of mutation]
 80780 | Geh:7    | Lost mutation: You occasionally shout uncontrollably at your foes. [potion of mutation]
 80780 | Geh:7    | Lost mutation: You are resistant to hostile enchantments. (MR+) [potion of mutation]
 81124 | Geh:7    | Noticed Asmodeus
 81144 | Geh:7    | Killed Asmodeus
 81209 | Geh:7    | Got an obsidian rune of Zot
 81434 | Pan      | Entered Pandemonium
 81591 | Pan      | Found an exit through the horrors of the Abyss.
 82359 | Pan      | Got a demonic rune of Zot
 82434 | Pan      | Noticed Midainku the pandemonium lord
 82453 | Pan      | Killed Midainku the pandemonium lord
 82814 | Pan      | Found an exit through the horrors of the Abyss.
 83046 | Pan      | Noticed Mipsoif the pandemonium lord
 83056 | Pan      | Killed Mipsoif the pandemonium lord
 83231 | Pan      | Lost mutation: You are clumsy. (Dex -2) [potion of mutation]
 83231 | Pan      | Lost mutation: Your spells are a little easier to cast, but a little less powerful. [potion of mutation]
 83231 | Pan      | Lost mutation: You have very sharp teeth. [potion of mutation]
 83231 | Pan      | Lost mutation: You are somewhat resistant to further mutation. [potion of mutation]
 83231 | Pan      | Gained mutation: You are covered in fur. (AC +1) [potion of mutation]
 83231 | Pan      | Gained mutation: You are frail. (-10% HP) [potion of mutation]
 83231 | Pan      | Gained mutation: You are surrounded by a mild repulsion field. (EV +2) [potion of mutation]
 83232 | Pan      | Lost mutation: You are frail. (-10% HP) [potion of mutation]
 83232 | Pan      | Lost mutation: You do not regenerate when monsters are visible. [potion of mutation]
 83232 | Pan      | Lost mutation: You are surrounded by a mild repulsion field. (EV +2) [potion of mutation]
 83232 | Pan      | Gained mutation: You have sharp fingernails. [potion of mutation]
 83232 | Pan      | Gained mutation: You possess an exceptional clarity of mind. [potion of mutation]
 83232 | Pan      | Gained mutation: Armour fits poorly on your strangely shaped body. [potion of mutation]
 83232 | Pan      | Gained mutation: Your flesh is heat resistant. (rF+) [potion of mutation]
 83529 | Pan      | Found an exit through the horrors of the Abyss.
 83594 | Pan      | Noticed Meriados's ghost (master MfSk)
 83609 | Pan      | Killed Meriados's ghost
 83691 | Pan      | Reached skill level 27 in Throwing
 84455 | Pan      | Got a jet-encrusted plate armour
 84456 | Pan      | Identified the +9 plate armour "Xieniruhi" {rPois Int+3} (You found it in Pandemonium)
 84825 | Pan      | Noticed a seraph
 84847 | Pan      | Killed a seraph
 84859 | Pan      | Got a translucent amber ring
 84870 | Pan      | Identified the ring "Gakko" {rF+ rN+ Str+3 Slay+2} (You took it off a seraph in Pandemonium)
 84882 | Pan      | Found a glowing golden altar of the Shining One.
 84905 | Pan      | Got a scorched copper ring
 84909 | Pan      | Got a blackened helmet
 84910 | Pan      | Identified the +1 helmet of the Blessed Realm {rElec Int+2} (You found it in Pandemonium)
 84929 | Pan      | Identified the ring of the Sturgeon {*Tele Dex+2 Slay+3} (You found it in Pandemonium)
 85277 | Pan      | Found a white marble altar of Elyvilon.
 85348 | Pan      | Reached skill level 27 in Armour
 86336 | Pan      | Got a steaming large shield
 86349 | Pan      | Identified the cursed +0 large shield "Zothrobli" {Str+4} (You took it off a daeva in Pandemonium)
 86669 | Pan      | Found a glowing silver altar of Zin.
 86795 | Pan      | Got a warped large shield
 86808 | Pan      | Identified the +7 large shield of Elitism {rPois Str+4 Stlth+} (You took it off a daeva in Pandemonium)
 87040 | Pan      | Got an ancient buckler
 87066 | Pan      | Identified the +0 buckler "Ucveps" {rF+ Dex+3} (You took it off a cherub in Pandemonium)
 87235 | Pan      | Reached skill level 5 in Dodging
 87237 | Pan      | Got a pitted large shield
 87249 | Pan      | Identified the cursed +0 large shield of Hinoepau {*Corrode rF++ Str+4 SInv} (You took it off a daeva in Pandemonium)
 87785 | Depths:3 | Escaped Pandemonium
 87994 | Zot:5    | Got a shimmering cloak
 88059 | Zot:4    | Identified the +4 cloak "Nushrel" {*Slow MR+ Str+6} (You took it off a green draconian on level 5 of the Realm of Zot)
 88588 | Orc:2    | Bought 2 potions of resistance for 340 gold pieces
 88588 | Orc:2    | Bought a potion of mutation for 136 gold pieces
 88895 | Pan      | Entered Pandemonium
 88896 | Pan      | Upgraded the game from 0.20-a0-967-g62cfa5d to 0.20-a0-971-g5896763
 89094 | Pan      | Noticed Negaun the pandemonium lord
 89105 | Pan      | Killed Negaun the pandemonium lord
 89138 | Pan      | Reached skill level 1 in Spellcasting
 89138 | Pan      | Reached skill level 1 in Charms
 89466 | Pan      | Found an exit through the horrors of the Abyss.
 89743 | Pan      | Noticed Hillomypre the pandemonium lord
 89754 | Pan      | Killed Hillomypre the pandemonium lord
 90104 | Pan      | Found an exit through the horrors of the Abyss.
 90605 | Pan      | Found an exit through the horrors of the Abyss.
 90926 | Pan      | Reached skill level 5 in Charms
 90956 | Pan      | Reached skill level 5 in Spellcasting
 90976 | Pan      | Noticed Rum Uheu the pandemonium lord
 90985 | Pan      | Killed Rum Uheu the pandemonium lord
 91302 | Pan      | Noticed Weroucaq the pandemonium lord
 91321 | Pan      | Killed Weroucaq the pandemonium lord
 91321 | Pan      | Reached skill level 10 in Dodging
 91625 | Pan      | Found an exit through the horrors of the Abyss.
 92082 | Pan      | Found an exit through the horrors of the Abyss.
 92105 | Pan      | Noticed Foptesic the pandemonium lord
 92112 | Pan      | Killed Foptesic the pandemonium lord
 92538 | Pan      | Entered the realm of Gloorx Vloq.
 92637 | Pan      | Found an exit through the horrors of the Abyss.
 93078 | Pan      | Noticed Gloorx Vloq
 93086 | Pan      | Killed Gloorx Vloq
 93112 | Pan      | Got a dark rune of Zot
 93618 | Pan      | Noticed Ytitag the pandemonium lord
 93633 | Pan      | Killed Ytitag the pandemonium lord
 93684 | Pan      | Reached skill level 15 in Dodging
 93709 | Pan      | Found an exit through the horrors of the Abyss.
 94156 | Pan      | Noticed Lesosi the pandemonium lord
 94166 | Pan      | Killed Lesosi the pandemonium lord
 94609 | Pan      | Found an exit through the horrors of the Abyss.
 94905 | Pan      | Got a pair of distressingly furry boots
 94906 | Pan      | Identified the +1 pair of boots of Kuitolah {rN+ Str-2 Slay+3 Stlth+} (You found it in Pandemonium)
 94933 | Pan      | Entered the realm of Mnoleg.
 94933 | Pan      | Noticed Mnoleg
 94958 | Pan      | Killed Mnoleg
 94964 | Pan      | Gained mutation: Your flesh is cold resistant. (rC+) [a shining eye]
 94965 | Pan      | Gained mutation: Your body sometimes deteriorates upon taking damage. [a cacodemon]
 94981 | Pan      | Got a glowing rune of Zot
 95008 | Pan      | Got an ivory great sword
 95009 | Pan      | Identified the +9 great sword of Xakhluseg {vamp, rF++ rC+ Dex+6} (You found it in Pandemonium)
 95220 | Pan      | Found an exit through the horrors of the Abyss.
 95666 | Pan      | Lost mutation: You possess an exceptional clarity of mind. [a neqoxec]
 95689 | Pan      | Gained mutation: Scrolls take you a little longer to read. [a cacodemon]
 95707 | Pan      | Gained mutation: You are frail. (-10% HP) [a neqoxec]
 95741 | Pan      | Lost mutation: You are frail. (-10% HP) [potion of mutation]
 95741 | Pan      | Gained mutation: You are agile. (Dex +2) [potion of mutation]
 95741 | Pan      | Gained mutation: You are very agile. (Dex +4) [potion of mutation]
 95833 | Pan      | Found an exit through the horrors of the Abyss.
 95883 | Pan      | Noticed Qeguilav the pandemonium lord
 95897 | Pan      | Killed Qeguilav the pandemonium lord
 96057 | Pan      | Got a shimmering scale mail
 96060 | Pan      | Identified the +2 scale mail of Calo {Slay+5} (You found it in Pandemonium)
 96254 | Pan      | Entered the realm of Lom Lobon.
 96262 | Pan      | Noticed Lom Lobon
 96282 | Pan      | Killed Lom Lobon
 96292 | Pan      | Got a magical rune of Zot
 96635 | Pan      | Found an exit through the horrors of the Abyss.
 97037 | Pan      | Entered the realm of Cerebov.
 97106 | Pan      | Found an exit through the horrors of the Abyss.
 97280 | Pan      | Got a twisted morningstar
 97284 | Pan      | Got a bound amber ring
 97289 | Pan      | Identified the ring of Hoedil {*Drain rN+ Dex+4} (You found it in Pandemonium)
 97713 | Pan      | Got a steaming brass ring
 97854 | Pan      | Identified Xejyng's Collected Works on Conjuration
 97896 | Pan      | Noticed Cerebov
 97923 | Pan      | Killed Cerebov
 97940 | Pan      | Identified the ring "Nahigropnel" {rF+ MR+ Dex+3 Stlth+} (You took it off a balrug in Pandemonium)
 97949 | Pan      | Got a vibrating ivory ring
 97952 | Pan      | Identified the cursed ring of Tyxip {EV-2 Int+3 Dex+2} (You found it in Pandemonium)
 97986 | Pan      | Got a fiery rune of Zot
 98199 | Pan      | Noticed Liluir the pandemonium lord
 98200 | Pan      | Killed Liluir the pandemonium lord
 98237 | Pan      | Reached skill level 1 in Conjurations
 98688 | Pan      | Found an exit through the horrors of the Abyss.
 98966 | Pan      | Reached skill level 1 in Long Blades
 99174 | Depths:3 | Escaped Pandemonium
 99244 | Tar:1    | Entered Level 1 of Tartarus
100377 | Tar:7    | Entered Level 7 of Tartarus
100451 | Tar:7    | Noticed an ancient lich
100463 | Tar:7    | Killed an ancient lich
100652 | Tar:7    | Got a smoking longbow
100655 | Tar:7    | Identified the +6 longbow "Juonweth" {velocity, Int+6} (You found it on level 7 of Tartarus)
100987 | Tar:7    | Noticed the Serpent of Hell
101016 | Tar:7    | Killed the Serpent of Hell
101240 | Tar:7    | Noticed Ereshkigal
101268 | Tar:7    | Killed Ereshkigal
101504 | Tar:7    | Got a bone rune of Zot
101959 | Tar:7    | Got a coiled jade ring
101962 | Tar:7    | Identified the ring of Quwno {rPois Str+4 Int-3 Slay+3} (You found it on level 7 of Tartarus)
102103 | Coc:1    | Entered Level 1 of Cocytus
102185 | Coc:1    | Noticed a shard shrike
102247 | Coc:4    | Noticed a shard shrike
102247 | Coc:4    | Noticed a shard shrike
102253 | Coc:4    | Killed a shard shrike
102254 | Coc:4    | Killed a shard shrike
102488 | Coc:5    | Noticed a shard shrike
102495 | Coc:5    | Killed a shard shrike
102528 | Coc:5    | Noticed a shard shrike
102533 | Coc:5    | Killed a shard shrike
102629 | Coc:6    | Noticed a shard shrike
102633 | Coc:6    | Killed a shard shrike
102670 | Coc:6    | Noticed a shard shrike
102671 | Coc:6    | Noticed a shard shrike
102671 | Coc:6    | Noticed a shard shrike
102671 | Coc:6    | Noticed a shard shrike
102684 | Coc:6    | Killed a shard shrike
102693 | Coc:6    | Killed a shard shrike
102701 | Coc:6    | Killed a shard shrike
102711 | Coc:6    | Killed a shard shrike
102801 | Coc:7    | Entered Level 7 of Cocytus
102837 | Coc:7    | Noticed Antaeus
102849 | Coc:7    | Killed Antaeus
102875 | Coc:7    | Got an icy rune of Zot
102878 | Coc:7    | Got a scorched marble ring
102881 | Coc:7    | Identified the ring "Byess" {Wiz *Drain rC+ MR+ Stlth+} (You found it on level 7 of Cocytus)
102881 | Coc:7    | Identified Qaerof's Guide on Stolen Souls and the Rocks
103288 | D:10     | Bought a scroll of fog for 38 gold pieces
103566 | Tomb:1   | Entered Level 1 of the Tomb of the Ancients
103709 | Tomb:1   | Noticed a greater mummy
103720 | Tomb:1   | Killed a greater mummy
104298 | Tomb:2   | Noticed a greater mummy
104299 | Tomb:2   | Noticed a greater mummy
104300 | Tomb:2   | Noticed a greater mummy
104300 | Tomb:2   | Noticed an ancient lich
104536 | Tomb:1   | Killed a greater mummy
104718 | Tomb:1   | Killed a greater mummy
104897 | Tomb:2   | Killed a greater mummy
104902 | Tomb:2   | Killed an ancient lich
105227 | Tomb:1   | Noticed a greater mummy
105227 | Tomb:1   | Noticed a greater mummy
105227 | Tomb:1   | Noticed a greater mummy
105232 | Tomb:1   | Killed a greater mummy
105234 | Tomb:1   | Killed a greater mummy
105236 | Tomb:1   | Noticed a greater mummy
105351 | Tomb:2   | Noticed Sojobo
105364 | Tomb:2   | Killed Sojobo
105492 | Tomb:1   | Noticed a greater mummy
105854 | Tomb:2   | Killed a greater mummy
105854 | Tomb:2   | Reached skill level 27 in Invocations
105855 | Tomb:2   | Killed a greater mummy
106134 | Tomb:1   | Killed a greater mummy
106137 | Tomb:1   | Noticed a greater mummy
106142 | Tomb:1   | Killed a greater mummy
106903 | Tomb:3   | Entered Level 3 of the Tomb of the Ancients
106974 | Tomb:3   | Noticed a greater mummy
106982 | Tomb:3   | Noticed a greater mummy
106983 | Tomb:3   | Killed a greater mummy
107270 | Tomb:3   | Killed a greater mummy
107280 | Tomb:3   | Reached skill level 27 in Dodging
107294 | Tomb:3   | Reached skill level 5 in Conjurations
107383 | Tomb:3   | Noticed a greater mummy
107653 | Tomb:3   | Killed a greater mummy
107805 | Tomb:3   | Identified the Reference Book on the Entourage and Weightlessness
107841 | Tomb:3   | Identified the Disquisition on Attacks
107886 | Tomb:3   | Got a transparent iron ring
108140 | Tomb:3   | Noticed a greater mummy
108141 | Tomb:3   | Noticed a greater mummy
108147 | Tomb:3   | Noticed a greater mummy
108147 | Tomb:3   | Killed a greater mummy
108188 | Tomb:3   | Killed a greater mummy
108191 | Tomb:3   | Killed a greater mummy
108249 | Tomb:3   | Noticed a greater mummy
108281 | Tomb:3   | Killed a greater mummy
108438 | Tomb:3   | Noticed a greater mummy
108451 | Tomb:3   | Noticed a greater mummy
108460 | Tomb:3   | Killed a greater mummy
108460 | Tomb:3   | Reached skill level 10 in Spellcasting
108460 | Tomb:3   | Reached skill level 10 in Charms
108462 | Tomb:3   | Killed a greater mummy
108575 | Tomb:3   | Got a golden rune of Zot
108744 | Tomb:3   | Got a sparkling iron ring
108793 | Tomb:3   | Got a shimmering garnet amulet
108849 | Tomb:3   | Got a wavering lead ring
108852 | Tomb:3   | Identified the ring "Luim" {MR+ Str+3 Dex-2 SInv} (You found it on level 3 of the Tomb of the Ancients)
108854 | Tomb:3   | Identified the ring of Xom's Full Attention {Ice rN++ Str+4} (You found it on level 3 of the Tomb of the Ancients)
108856 | Tomb:3   | Identified the ring of Bierapnust {MP-9 Dex+5 Stlth-} (You found it on level 3 of the Tomb of the Ancients)
108858 | Tomb:3   | Identified the amulet of Hosoqup {Inacc rElec Str+4 Int-4} (You found it on level 3 of the Tomb of the Ancients)
108920 | Tomb:3   | Got a heavily runed ring mail
108923 | Tomb:3   | Identified the +0 ring mail of Barus {Str+2} (You found it on level 3 of the Tomb of the Ancients)
109804 | Zig:1    | Entered Level 1 of a ziggurat
109820 | Zig:2    | Entered Level 2 of a ziggurat
109839 | Zig:3    | Entered Level 3 of a ziggurat
109855 | Zig:4    | Entered Level 4 of a ziggurat
109856 | Zig:4    | Noticed a greater mummy
109865 | Zig:4    | Killed a greater mummy
109985 | Zig:4    | Got a sparkling graven amulet
109990 | Zig:4    | Identified the amulet "Zurhim" {Faith Dex+2} (You found it on level 4 of a ziggurat)
109992 | Zig:5    | Entered Level 5 of a ziggurat
110021 | Zig:5    | Identified the Almanac of Icy Calling
110025 | Zig:5    | Learned a level 1 spell: Summon Butterflies
110032 | Zig:6    | Entered Level 6 of a ziggurat
110054 | Zig:6    | Reached skill level 1 in Summonings
110088 | Zig:7    | Entered Level 7 of a ziggurat
110093 | Zig:7    | Noticed a juggernaut
110104 | Zig:7    | Killed a juggernaut
110144 | Zig:7    | Learned a level 6 spell: Deflect Missiles
110148 | Zig:8    | Entered Level 8 of a ziggurat
110320 | Zig:9    | Entered Level 9 of a ziggurat
110327 | Zig:9    | Noticed a greater mummy
110343 | Zig:9    | Killed a greater mummy
110344 | Zig:9    | Noticed a greater mummy
110354 | Zig:9    | Killed a greater mummy
110725 | Zig:10   | Entered Level 10 of a ziggurat
110734 | Zig:10   | Noticed Bautzish the pandemonium lord
110753 | Zig:10   | Killed Bautzish the pandemonium lord
110758 | Zig:10   | Gained mutation: You are weak. (Str -2) [a cacodemon]
110809 | Zig:10   | Got a translucent war axe
110813 | Zig:10   | Identified the cursed +0 war axe of Zouhocan {venom, *Drain rC+ MP+9 Str+9} (You found it on level 10 of a ziggurat)
110817 | Zig:11   | Entered Level 11 of a ziggurat
110895 | Zig:11   | Got a pair of bloodstained boots
110928 | Zig:12   | Entered Level 12 of a ziggurat
110929 | Zig:12   | Upgraded the game from 0.20-a0-971-g5896763 to 0.20-a0-972-gb9bd3e6
111022 | Zig:12   | Got a vibrating bronze ring
111024 | Zig:12   | Got a warped silver ring
111048 | Zig:12   | Identified the +1 pair of boots "Gifoes" {rElec MR- Str+6 SInv} (You found it on level 11 of a ziggurat)
111060 | Zig:12   | Identified the ring of the Unkillable {*Tele rElec rF- MR+ Stlth+} (You found it on level 12 of a ziggurat)
111062 | Zig:12   | Identified the ring "Enamm" {+Blink MR+ Str+7 Int-3 Dex+3} (You found it on level 12 of a ziggurat)
111081 | Zig:13   | Entered Level 13 of a ziggurat
111096 | Zig:13   | Noticed a greater mummy
111096 | Zig:13   | Noticed a greater mummy
111107 | Zig:13   | Upgraded the game from 0.20-a0-972-gb9bd3e6 to 0.20-a0-984-ge8aa303
111114 | Zig:13   | Killed a greater mummy
111120 | Zig:13   | Noticed a greater mummy
111120 | Zig:13   | Noticed a greater mummy
111121 | Zig:13   | Noticed a greater mummy
111121 | Zig:13   | Noticed a greater mummy
111135 | Zig:13   | Killed a greater mummy
111138 | Zig:13   | Killed a greater mummy
111142 | Zig:13   | Killed a greater mummy
111144 | Zig:13   | Killed a greater mummy
111146 | Zig:13   | Killed a greater mummy
111510 | Zig:13   | Identified the Handbook of Hubris
111541 | Zig:13   | Identified Womamu's Compendium of the Harmful Volcanoes
111545 | Zig:13   | Got a pitted tin ring
111548 | Zig:13   | Identified the ring of Jifill {rF+ Str+5} (You found it on level 13 of a ziggurat)
111582 | Zig:13   | Lost mutation: Your flesh is cold resistant. (rC+) [potion of mutation]
111582 | Zig:13   | Lost mutation: Your body sometimes deteriorates upon taking damage. [potion of mutation]
111582 | Zig:13   | Lost mutation: You are very agile. (Dex +4) [potion of mutation]
111582 | Zig:13   | Lost mutation: You are weak. (Str -2) [potion of mutation]
111582 | Zig:13   | Lost mutation: Scrolls take you a little longer to read. [potion of mutation]
111582 | Zig:13   | Lost mutation: Armour fits poorly on your strangely shaped body. [potion of mutation]
111582 | Zig:13   | Gained mutation: Your body sometimes deteriorates upon taking damage. [potion of mutation]
111582 | Zig:13   | Gained mutation: Your muscles are strong. (Str +2) [potion of mutation]
111582 | Zig:13   | Gained mutation: You are covered in thick fur. (AC +2) [potion of mutation]
111585 | Zig:14   | Entered Level 14 of a ziggurat
111623 | Zig:14   | Reached skill level 10 in Conjurations
111658 | Zig:14   | Got a twisted plate armour
111659 | Zig:14   | Identified the cursed +1 plate armour of Twilight {rElec Str+3 Int+2 Stlth+} (You found it on level 14 of a ziggurat)
111676 | Zig:15   | Entered Level 15 of a ziggurat
111698 | Zig:15   | Reached skill level 15 in Charms
111711 | Zig:15   | Reached skill level 15 in Spellcasting
111764 | Zig:15   | Identified Sif Muna's Guide on the Lucky Rocks
111781 | Zig:15   | Got a flickering lead ring
111782 | Zig:15   | Identified the ring of Cuant {rC+ Str+4 SInv} (You found it on level 15 of a ziggurat)
111787 | Zig:15   | Identified the Tome of the Mutagenic Rocks
111796 | Zig:15   | Identified the Tome of Frigorific Hexes
111802 | Zig:15   | Got a twitching tin ring
111803 | Zig:15   | Identified the ring of the Fifty Ships {rElec Dex+5} (You found it on level 15 of a ziggurat)
111819 | Zig:16   | Entered Level 16 of a ziggurat
111842 | Zig:16   | Reached skill level 1 in Slings
111881 | Zig:16   | Reached skill level 5 in Slings
111907 | Zig:16   | Got a brightly glowing granite ring
111909 | Zig:16   | Identified the ring of Askus {rN+ Int+4 SInv} (You found it on level 16 of a ziggurat)
111937 | Zig:16   | Learned a level 9 spell: Fire Storm
112022 | Zig:17   | Entered Level 17 of a ziggurat
112049 | Zig:17   | Reached skill level 1 in Fire Magic
112133 | Zig:17   | Identified Ciudiecw's Catalogue of Creative Toxins
112165 | Zig:17   | Got an ancient steel ring
112166 | Zig:17   | Identified the ring of Xom's Hatred {rC+ Int+3} (You found it on level 17 of a ziggurat)
112266 | Zig:18   | Entered Level 18 of a ziggurat
112428 | Zig:19   | Entered Level 19 of a ziggurat
112442 | Zig:19   | Noticed an ancient lich
112443 | Zig:19   | Noticed an ancient lich
112443 | Zig:19   | Noticed an ancient lich
112450 | Zig:19   | Killed an ancient lich
112450 | Zig:19   | Reached skill level 5 in Fire Magic
112453 | Zig:19   | Killed an ancient lich
112475 | Zig:19   | Killed an ancient lich
112550 | Zig:19   | Got a pitted platinum ring
112551 | Zig:19   | Identified the ring "Quyfasm" {+Fly Int+2} (You found it on level 19 of a ziggurat)
112628 | Zig:20   | Entered Level 20 of a ziggurat
112674 | Zig:20   | Noticed a juggernaut
112677 | Zig:20   | Noticed a juggernaut
112687 | Zig:20   | Killed a juggernaut
112690 | Zig:20   | Killed a juggernaut
113073 | Zig:20   | Got a ring of the Octopus King
113102 | Zig:20   | Identified a ring of the Octopus King {rF+ AC+1 EV+1 Str+1 Int+1 Dex+1} (You found it on level 20 of a ziggurat)
113187 | Zig:21   | Entered Level 21 of a ziggurat
113203 | Zig:21   | Noticed a shard shrike
113206 | Zig:21   | Noticed a shard shrike
113209 | Zig:21   | Killed a shard shrike
113211 | Zig:21   | Noticed a shard shrike
113212 | Zig:21   | Reached skill level 15 in Conjurations
113212 | Zig:21   | Reached skill level 10 in Fire Magic
113214 | Zig:21   | Killed a shard shrike
113214 | Zig:21   | Killed a shard shrike
113225 | Zig:21   | Noticed a shard shrike
113232 | Zig:21   | Killed a shard shrike
113417 | Zig:22   | Entered Level 22 of a ziggurat
113472 | Zig:22   | Noticed Zaly the pandemonium lord
113488 | Zig:22   | Killed Zaly the pandemonium lord
113817 | Zig:22   | Got an ancient amber ring
113905 | Zig:23   | Entered Level 23 of a ziggurat
114076 | Zig:23   | Identified the ring of Orocs {*Tele rF+ rN+ Int+3 Dex-5} (You found it on level 22 of a ziggurat)
114090 | Zig:23   | Identified the Grimoire of the Voyage
114228 | Zig:23   | Learned a level 4 spell: Passage of Golubria
114235 | Zig:24   | Entered Level 24 of a ziggurat
114262 | Zig:24   | Reached skill level 1 in Translocations
114417 | Zig:24   | Got a slimy marble ring
114427 | Zig:24   | Identified the ring "Xinuroxt" {+Blink rF+ rC+ SInv} (You found it on level 24 of a ziggurat)
114439 | Zig:24   | Got an iridescent broad axe
114448 | Zig:24   | Got a glittering platinum amulet
114451 | Zig:24   | Reached skill level 5 in Translocations
114476 | Zig:24   | Got an ancient wooden ring
114478 | Zig:24   | Identified the cursed +1 broad axe of Reroc {distort, Int+9 Stlth-} (You found it on level 24 of a ziggurat)
114479 | Zig:24   | Identified the amulet of Dithmenos's Approval {Gourm rElec} (You found it on level 24 of a ziggurat)
114480 | Zig:24   | Identified the ring of the Lily {rF- rC+ Int+4 Slay+5 SInv} (You found it on level 24 of a ziggurat)
114498 | Zig:24   | Got an encrusted plate armour
114499 | Zig:24   | Identified the +9 plate armour of the Harp {Int-3 Dex-4 Slay+5 SInv} (You found it on level 24 of a ziggurat)
114507 | Zig:25   | Entered Level 25 of a ziggurat
114697 | Zig:25   | Reached skill level 15 in Fire Magic
114798 | Zig:25   | Got a twisted broad axe
114817 | Zig:25   | Got a flickering jade amulet
114818 | Zig:25   | Identified the amulet "Wiotuf" {Faith rPois rF+ Str+2} (You found it on level 25 of a ziggurat)
114841 | Zig:25   | Identified the Handbook of Toxins and Creation
114851 | Zig:25   | Identified the Guide on Glacial Stolen Souls
114865 | Zig:25   | Learned a level 5 spell: Aura of Abjuration
114875 | Zig:25   | Learned a level 9 spell: Dragon's Call
114962 | Zig:26   | Entered Level 26 of a ziggurat
115149 | Zig:26   | Got a bound sapphire amulet
115158 | Zig:26   | Identified the amulet of the Imp {Spirit *Corrode rElec rN+++ Stlth-} (You found it on level 26 of a ziggurat)
115297 | Zig:27   | Entered Level 27 of a ziggurat
115476 | Zig:27   | Reached skill level 10 in Translocations
115738 | Zig:27   | Identified the Handbook of Vlad
115765 | Zig:27   | Got a diamond-encrusted plate armour
115766 | Zig:27   | Identified the +10 plate armour "Afedeanu" {+Blink rF- Slay+3} (You found it on level 27 of a ziggurat)
115835 | Zig:27   | Got a warped buckler
115837 | Zig:27   | Identified the cursed +0 buckler "Tihed" {*Corrode rF++ Str+4 Stlth+} (You found it on level 27 of a ziggurat)
117023 | Depths:2 | Lost mutation: You are agile. (Dex +2) [potion of mutation]
117023 | Depths:2 | Lost mutation: You have sharp fingernails. [potion of mutation]
117023 | Depths:2 | Lost mutation: Your muscles are strong. (Str +2) [potion of mutation]
117023 | Depths:2 | Gained mutation: You are dopey. (Int -2) [potion of mutation]
117023 | Depths:2 | Gained mutation: Scrolls take you a little longer to read. [potion of mutation]
117023 | Depths:2 | Gained mutation: You are agile. (Dex +2) [potion of mutation]
117024 | Depths:2 | Lost mutation: Your flesh is heat resistant. (rF+) [potion of mutation]
117024 | Depths:2 | Lost mutation: Your body sometimes deteriorates upon taking damage. [potion of mutation]
117024 | Depths:2 | Gained mutation: Your natural rate of healing is unusually fast. [potion of mutation]
117024 | Depths:2 | Lost mutation: You are dopey. (Int -2) [potion of mutation]
117025 | Depths:2 | Lost mutation: Scrolls take you a little longer to read. [potion of mutation]
117025 | Depths:2 | Lost mutation: You are agile. (Dex +2) [potion of mutation]
117025 | Depths:2 | Lost mutation: You are covered in thick fur. (AC +2) [potion of mutation]
117025 | Depths:2 | Lost mutation: You are covered in fur. (AC +1) [potion of mutation]
117025 | Depths:2 | Lost mutation: Your natural rate of healing is unusually fast. [potion of mutation]
117025 | Depths:2 | Gained mutation: You have large cloven feet. [potion of mutation]
117025 | Depths:2 | Gained mutation: You have hoof-like feet. [potion of mutation]
117025 | Depths:2 | Gained mutation: Your body sometimes deteriorates upon taking damage. [potion of mutation]
117025 | Depths:2 | Gained mutation: You are somewhat resistant to further mutation. [potion of mutation]
117026 | Depths:2 | Lost mutation: Your body sometimes deteriorates upon taking damage. [potion of mutation]
117026 | Depths:2 | Lost mutation: You are somewhat resistant to further mutation. [potion of mutation]
117026 | Depths:2 | Lost mutation: You have hoof-like feet. [potion of mutation]
117026 | Depths:2 | Lost mutation: You have large cloven feet. [potion of mutation]
117026 | Depths:2 | Gained mutation: You are frail. (-10% HP) [potion of mutation]
117026 | Depths:2 | Gained mutation: You have a somewhat thin skeletal structure. (Dex +2, Stealth) [potion of mutation]
117027 | Depths:2 | Lost mutation: You have a somewhat thin skeletal structure. (Dex +2, Stealth) [potion of mutation]
117027 | Depths:2 | Lost mutation: You are frail. (-10% HP) [potion of mutation]
117027 | Depths:2 | Gained mutation: Your flesh is cold resistant. (rC+) [potion of mutation]
117027 | Depths:2 | Gained mutation: Your system is resistant to poisons. (rPois) [potion of mutation]
117038 | Depths:2 | Lost mutation: Your flesh is cold resistant. (rC+) [potion of mutation]
117038 | Depths:2 | Lost mutation: Your system is resistant to poisons. (rPois) [potion of mutation]
117038 | Depths:2 | Gained mutation: Potions are less effective at restoring your health. [potion of mutation]
117038 | Depths:2 | Gained mutation: You are partially covered in molten scales. (AC +2) [potion of mutation]
117038 | Depths:2 | Gained mutation: You are mostly covered in molten scales. (AC +3) [potion of mutation]
117039 | Depths:2 | Lost mutation: Potions are less effective at restoring your health. [potion of mutation]
117039 | Depths:2 | Lost mutation: You are mostly covered in molten scales. (AC +3) [potion of mutation]
117039 | Depths:2 | Gained mutation: Your magical capacity is low. (-10% MP) [potion of mutation]
117039 | Depths:2 | Gained mutation: Your flesh is cold resistant. (rC+) [potion of mutation]
117039 | Depths:2 | Gained mutation: Your system is resistant to poisons. (rPois) [potion of mutation]
117041 | Zig:1    | Entered Level 1 of a ziggurat
117062 | Zig:2    | Entered Level 2 of a ziggurat
117064 | Zig:2    | Upgraded the game from 0.20-a0-984-ge8aa303 to 0.20-a0-993-gba41c3c
117086 | Zig:3    | Entered Level 3 of a ziggurat
117086 | Zig:3    | Noticed Tity the pandemonium lord
117094 | Zig:3    | Killed Tity the pandemonium lord
117114 | Zig:4    | Entered Level 4 of a ziggurat
117157 | Zig:5    | Entered Level 5 of a ziggurat
117234 | Zig:6    | Entered Level 6 of a ziggurat
117397 | Zig:7    | Entered Level 7 of a ziggurat
117462 | Zig:7    | Got a pitted steel ring
117463 | Zig:7    | Identified the cursed ring "Rete" {*Slow rF+ rC+ Dex-4} (You found it on level 7 of a ziggurat)
117560 | Zig:8    | Entered Level 8 of a ziggurat
117565 | Zig:8    | Noticed a greater mummy
117582 | Zig:8    | Killed a greater mummy
117673 | Zig:8    | Identified the Handbook of Earthen Ice
117689 | Zig:9    | Entered Level 9 of a ziggurat
117696 | Zig:9    | Noticed an ancient lich
117697 | Zig:9    | Noticed an ancient lich
117706 | Zig:9    | Killed an ancient lich
117708 | Zig:9    | Killed an ancient lich
117735 | Zig:10   | Entered Level 10 of a ziggurat
117747 | Zig:10   | Noticed Butuni the pandemonium lord
117748 | Zig:10   | Noticed Vudwir the pandemonium lord
117762 | Zig:10   | Killed Vudwir the pandemonium lord
117765 | Zig:10   | Killed Butuni the pandemonium lord
117771 | Zig:10   | Noticed Exan the pandemonium lord
117777 | Zig:10   | Killed Exan the pandemonium lord
117823 | Zig:10   | Got a shimmering turquoise ring
117824 | Zig:10   | Identified the ring "Ycsour Raova" {rC+ Stlth-} (You found it on level 10 of a ziggurat)
117849 | Zig:11   | Entered Level 11 of a ziggurat
117859 | Zig:11   | Noticed a shard shrike
117864 | Zig:11   | Noticed a shard shrike
117893 | Zig:11   | Killed a shard shrike
117901 | Zig:11   | Noticed a shard shrike
117901 | Zig:11   | Killed a shard shrike
117902 | Zig:11   | Noticed a shard shrike
117905 | Zig:11   | Killed a shard shrike
117912 | Zig:11   | Killed a shard shrike
117972 | Zig:11   | Got a crystal spear
118121 | Zig:12   | Entered Level 12 of a ziggurat
118135 | Zig:12   | Noticed an ancient lich
118144 | Zig:12   | Killed an ancient lich
118219 | Zig:13   | Entered Level 13 of a ziggurat
118389 | Zig:14   | Entered Level 14 of a ziggurat
118401 | Zig:14   | Noticed a shard shrike
118408 | Zig:14   | Killed a shard shrike
118415 | Zig:14   | Noticed a shard shrike
118420 | Zig:14   | Killed a shard shrike
118657 | Zig:15   | Entered Level 15 of a ziggurat
118674 | Zig:15   | Noticed an ancient lich
118677 | Zig:15   | Noticed an ancient lich
118685 | Zig:15   | Killed an ancient lich
118698 | Zig:15   | Killed an ancient lich
118726 | Zig:15   | Identified Zeerec Emar's Almanac of Companions
118737 | Zig:15   | Identified the Grimoire of Burning Poison
118751 | Zig:15   | Got a heavily runed glass ring
118758 | Zig:15   | Identified the Tome of the Dusty Frostbite
118764 | Zig:15   | Got a pair of ancient gloves
118772 | Zig:15   | Identified the ring of Dorietz {Ice Int+4} (You found it on level 15 of a ziggurat)
118783 | Zig:15   | Identified the +1 pair of gloves of Surprise {+Blink rN+ Dex-4 SInv} (You found it on level 15 of a ziggurat)
118800 | Zig:15   | Got a crude hunting sling
118801 | Zig:15   | Identified the +7 hunting sling of Big Damage {speed, Str+6} (You found it on level 15 of a ziggurat)
118804 | Zig:16   | Entered Level 16 of a ziggurat
118877 | Zig:16   | Got a fine lead amulet
118878 | Zig:16   | Identified the amulet "Xeideec" {+Rage rElec MP+9 Dex-4} (You found it on level 16 of a ziggurat)
118896 | Zig:16   | Got a transparent tin ring
118913 | Zig:16   | Identified the ring "Afriky" {Str+2 SInv Stlth-} (You found it on level 16 of a ziggurat)
119011 | Zig:17   | Entered Level 17 of a ziggurat
119029 | Zig:17   | Noticed a juggernaut
119054 | Zig:17   | Killed a juggernaut
119148 | Zig:17   | Got a bound glass ring
119159 | Zig:17   | Identified the ring "Ithrill" {Int+4 Dex+5} (You found it on level 17 of a ziggurat)
119260 | Zig:17   | Got a warped scale mail
119261 | Zig:17   | Identified the cursed +0 scale mail of the Special Yaks {rCorr Dex+3} (You found it on level 17 of a ziggurat)
119268 | Zig:18   | Entered Level 18 of a ziggurat
119734 | Zig:18   | Got a faintly glowing emerald amulet
119759 | Zig:18   | Got a sparkling bone ring
119761 | Zig:18   | Identified the amulet of Ateeck {rElec rN+ Regen+} (You found it on level 18 of a ziggurat)
119762 | Zig:18   | Identified the ring "Nausotz" {Ice rN+ Stlth+} (You found it on level 18 of a ziggurat)
119896 | Zig:18   | Got a heavily runed plate armour
119897 | Zig:18   | Identified the +3 plate armour "Yxzudgh" {rC+ Str+4} (You found it on level 18 of a ziggurat)
119957 | Zig:19   | Entered Level 19 of a ziggurat
120478 | Zig:19   | Identified the Handbook of Conjuration
120481 | Zig:19   | Identified the Papyrus of Vitriolic Evil
120815 | Lair:1   | Fell from the grace of the Shining One
120815 | Lair:1   | Became a worshipper of Uskayaw the Reveler
121048 | Depths:4 | Reached * piety under Uskayaw
121400 | Vaults:4 | Bought an uncursed amulet of faith for 560 gold pieces
121653 | Zig:1    | Entered Level 1 of a ziggurat
121659 | Zig:1    | Reached ** piety under Uskayaw
121661 | Zig:1    | Reached *** piety under Uskayaw
121690 | Zig:1    | Got a spiked plate armour
121701 | Zig:1    | Identified the +8 plate armour of Tagal {+Blink Int+4 Dex+3} (You acquired it on level 1 of a ziggurat)
121730 | Zig:2    | Entered Level 2 of a ziggurat
121740 | Zig:2    | Reached **** piety under Uskayaw
121963 | Zig:3    | Entered Level 3 of a ziggurat
121976 | Zig:3    | Reached ***** piety under Uskayaw
122018 | Zig:4    | Entered Level 4 of a ziggurat
122061 | Zig:4    | Got a pair of pitted gloves
122072 | Zig:4    | Identified the cursed +0 pair of gloves of Beauty {Dex+4 Stlth-} (You found it on level 4 of a ziggurat)
122090 | Zig:5    | Entered Level 5 of a ziggurat
122137 | Zig:6    | Entered Level 6 of a ziggurat
122157 | Zig:6    | Reached ****** piety under Uskayaw
122171 | Zig:6    | Got a clouded silver ring
122184 | Zig:6    | Identified the ring of Peace {*Contam MP+9 Int+2 Slay+3} (You found it on level 6 of a ziggurat)
122366 | Zig:7    | Entered Level 7 of a ziggurat
122401 | Zig:7    | Got a pitted silver ring
122415 | Zig:7    | Identified the ring of Fymoet {rC+ Str+2} (You found it on level 7 of a ziggurat)
122526 | Zig:8    | Entered Level 8 of a ziggurat
122535 | Zig:8    | Noticed Biufasmu the pandemonium lord
122543 | Zig:8    | Gained mutation: Your magical capacity is very low. (-20% MP) [a cacodemon]
122546 | Zig:8    | Killed Biufasmu the pandemonium lord
122546 | Zig:8    | Gained mutation: You are dopey. (Int -2) [a cacodemon]
122552 | Zig:8    | HP: 1/373 [Hell Sentinel/damnation (29)]
122553 | Zig:8    | Mangled by a Hell Sentinel

Vault maps used:
D:1:      dpeg_arrival_renting, minmay_heptomino_w4
D:2:      nicolae_overflow_crystal_walls, nicolae_overflow_hidden_temple,
          first_bread, okawaru_trees_1
D:3:      minmay_wonky_spiral, uniq_terence, uniq_grinder, uniq_natasha
D:4:      hangedman_decor_push, uniq_sigmund, uniq_iyjb
D:5:      lemuel_coloured_pillars_altar, minmay_temple_entry_glassed_door,
          basic_altar, hangedman_abyss_or_decor_lesser_grid, uniq_menkaure
D:6:      lemuel_doored_altar, minmay_misc_feat_five,
          hangedman_abyss_or_decor_stabs
D:7:      gammafunk_temple_overflow_statue, uniq_prince_ribbit1
D:8:      nicolae_tso_besieged_by_evil, eat_drink_and_be_merry_uskayaw,
          grunt_temple_overflow_open, serial_shops, shop
D:9:      erik_orc_1, grunt_livestock, lemuel_statue_altar
D:10:     serial_shops, nicolae_shop_trees, fedhas_altar_decomposition,
          uniq_fannar
D:11:     dpeg_oklobed_lair, amethyst_killhole, nicolae_ru_sacrificial_ziggurat
D:12:     lemuel_slime, serial_shops, shop, wad_dig_loot
D:13:     david_vaults_4, serial_ice, serial_ice_m, serial_ice_o, serial_ice_g,
          serial_ice_d, uniq_azrael
D:14:     serial_shops, shop, lab_entry_generic
D:15:     grunt_enter_depths_giant_problem, serial_shops, shop, uniq_agnes,
          uniq_roxanne
Temple:   minmay_temple_curvy_loop
Lair:1:   portal_ice_cave_entry_pillars_1, basic_altar, grunt_megastairs_2
Lair:2:   shoals_dummy_entry, spider_nest_entry_webs, serial_forest,
          infiniplex_forest_straight_4, infiniplex_forest_clump_double,
          infiniplex_forest_straight_3, infiniplex_forest_clump_diagonal,
          infiniplex_forest_straight_3, infiniplex_forest_straight_2,
          infiniplex_forest_lined_4_way, minmay_hedge_maze, serial_bayou_pond_a,
          small_statue_intersection, small_statue_intersection
Lair:3:   lemuel_fruit_tree, minmay_lair_oklob_chamber
Lair:4:   infiniplex_staircase_pool_2
Lair:5:   serial_bayou_shore_a
Lair:6:   wormcave, nicolae_slime_entry_slimehenge, wad_woods_06, st_stairs_4
Shoals:2: uniq_polyphemus
Shoals:4: shoals_end_grunt_ice, shoals_ilsuiw_ice
Spider:1: spider_trap, nicolae_crawler_farm
Spider:3: nicolae_spider_stair_cavern
Spider:4: grunt_spider_rune_circles, uniq_donald, uniq_arachne, uniq_aizul,
          uniq_louise
Slime:2:  basic_altar
Orc:1:    uniq_nergalle, uniq_josephine
Orc:2:    grunt_orc_tribal_feast, nicolae_orc_crystal_geode
Elf:1:    minmay_elf_arrival_plus, hangedman_elf_represent
Elf:2:    laboratory
Elf:3:    minmay_elf_hall_quartered_circle,
          nicolae_elf_glass_and_crystal_pillar_2
Vaults:1: nicolae_vaults_specimen_jars, v_pattern_5, ontoclasm_vaults_shuriken,
          nicolae_vaults_yaktaur_gun_rack, nicolae_vaults_circle_grid_b,
          v_rooms_5, nicolae_vaults_network_star, st_squares,
          nicolae_vaults_little_squares_3,
          nicolae_vaults_windows_and_doors_thing, nicolae_vaults_angled_halls,
          serial_shops, shop, uniq_asterion
Vaults:2: vaults_room_grunt_arrival_ludios, grunt_vaults_hallway_short,
          hangedman_vaults_maws, blue_anna_dwarven_crypt,
          nicolae_vaults_asterisk, v_misc_19, ontoclasm_vaults_eye,
          grunt_vaults_twisty, vaults_dpeg_spiral, v_pattern_3,
          nicolae_vaults_little_squares_3, vaults_room_door_ring,
          nicolae_vaults_rhombus_6, nicolae_vaults_display_case, uniq_margery,
          uniq_nikola
Vaults:3: ontoclasm_vaults_ring_square, ontoclasm_vaults_spin,
          ontoclasm_vaults_ring_square, v_rooms_4,
          hangedman_vaults_stretched_pinwheel, vaults_room_grid,
          nicolae_vaults_three_branches, hangedman_vaults_cutoff,
          nicolae_vaults_little_squares_5, nicolae_vaults_circle_grid_b,
          v_alt_pattern_6, hangedman_vaults_trim, uniq_bai_suzhen
Vaults:4: hangedman_vaults_nodes, vaults_dpeg_diagonal, v_misc_27,
          ontoclasm_vaults_bender, ontoclasm_vaults_gateway, st_diamondy,
          nicolae_vaults_border_crossing, nicolae_vaults_sealed_display,
          nicolae_vaults_little_squares_5, hangedman_vaults_trim,
          nicolae_vaults_little_squares_1, v_pattern_2, serial_shops,
          nicolae_shop_stone, shop, nicolae_shop_statue_plus, uniq_jorgrun
Vaults:5: serial_shops
Crypt:1:  serial_sigils_hangedman_etch, grunt_crypt_arrival_split, uniq_khufu
Crypt:3:  evilmike_haunted_forest
Tomb:2:   uniq_sojobo
Depths:1: pf_hell_entry_great_geh, cheibriados_altar_1, serial_bayou,
          serial_bayou_lagoon_a, serial_bayou_pond_a, serial_bayou_lake_a,
          serial_bayou_shore_b, hangedman_decor_lopped, door_vault
Depths:2: giant_chief_lemuel, enter_ziggurat_a, lightli_too_deep,
          minmay_tree_intersection, minmay_staircase_bubble,
          roderic_lattice_octagonal_star
Depths:3: lemuel_flame_loot_2, abyss_entry, hangedman_decor_points,
          rand_demon_pan_entry_3, pf_hell_entry_tar_river, uniq_mennas,
          uniq_xtahua, uniq_mara
Depths:4: grunt_runaround, hell_entry, pan_entry, abyss_entry
Depths:5: evilmike_zot_entry_basic, abyss_entry_glasseish, hell_entry,
          minmay_misc_feat_secret_circle
Dis:7:    dis_st
Geh:1:    evilmike_ambush
Geh:3:    lemuel_hellish_altar
Geh:5:    grunt_deathspiral_small
Geh:7:    geh_hangedman
Coc:1:    serial_ice
Coc:7:    coc_grunt
Tar:2:    grunt_megastairs_1
Tar:6:    lemuel_nasty_pond
Tar:7:    tar_old
Zot:1:    kennysheep_six_static_rooms, st_single_dragon_hoard_3
Abyss:3:  evilmike_abyss_exit_10
Abyss:4:  hangedman_decor_riveting, hangedman_abyss_rune_macabre_mess
Abyss:5:  hangedman_abyss_feature_spike, evilmike_abyss_rune_siren_acolytes,
          evilmike_abyss_exit_12, kilobyte_mutagenic_chamber, due_exit_kobolds
Pan:      evilmike_mini_pan_pillars_b, nicolae_pan_gloorx_vloqian_4,
          grunt_pan_spiral, pan_blood_fountain, pan_blood_fountain_small,
          evilmike_mini_pan_pillars, evilmike_holy_pan,
          evilmike_mini_pan_diamond, evilmike_mini_pan_doors, pan_disco_hall,
          rand_demon_3, rand_demon_8, pan_blood_fountain_small, gloorx_vloq_st,
          rand_demon_8, pan_blood_fountain_small, evilmike_mini_pan_V, mnoleg,
          pan_blood_fountain_2, grunt_pan_sceptre, pan_blood_fountain,
          lom_lobon, nicolae_pan_cerebovesque_1, cerebov_grunt_fire_and_steel,
          nicolae_pan_lom_lobonic_2, nicolae_pan_sick_transit, rand_demon_2
Zig:11:   ziggurat_pillar_centre_drop
Zig:19:   ziggurat_pillar_centre_smoke
Zig:20:   ziggurat_pillar_centre_oklobs
Zig:21:   ziggurat_pillar_centre_more_plants
Zig:22:   ziggurat_pillar_centre_dead_trees
Zig:23:   ziggurat_pillar_centre_c
Lab:      labyrinth_mini_lab, nicolae_lab_lava, labyrinth_skeletal_remains,
          nicolae_lab_x, nicolae_lab_hexagon, nicolae_lab_do_over
IceCv:    ice_cave_caverns_01

Skill      XL: |  1  2  3  4  5  6  7  8  9 10 11 12 13 14 15 16 17 18 19 20 21 22 23 24 25 26 27 |
---------------+----------------------------------------------------------------------------------+-----
Shields        | 4 5 6 7 8 10 11 12 13 14 15 16 17 18 19 20 27 | 27.0
Axes           | 3 4 8 10 12 15 16 17 18 19 20 21 22 23 25 27 | 27.0
Fighting       | 4 5 6 7 8 9 10 11 12 13 14 15 16 17 18 19 20 21 27 | 27.0
Maces & Flails | 1 2 4 6 8 9 |  9.9
Armour         | 4 5 6 7 8 9 10 11 12 13 14 27 | 27.0
Dodging        | 1 2 3 4 27 | 27.0
Invocations    | 1 3 5 6 7 8 10 11 12 13 27 | 27.0
Throwing       | 1 3 4 6 8 9 11 12 27 | 27.0
Necromancy     | 2 |  2.0
Spellcasting   | 26 | 26.1
Charms         | 16 | 16.2
Conjurations   | 23 | 23.1
Long Blades    | 1 |  1.0
Summonings     | 2 |  2.8
Slings         | 7 |  7.8
Fire Magic     | 22 | 22.6
Translocations | 10 | 10.3

Action                   |  1- 3 |  4- 6 |  7- 9 | 10-12 | 13-15 | 16-18 | 19-21 | 22-24 | 25-27 || total
-------------------------+-------+-------+-------+-------+-------+-------+-------+-------+-------++-------
Melee: War axe           |    86 |    71 |       |   618 |   252 |       |       |       |       ||  1027
       Flail             |       |    46 |   329 |   207 |       |       |       |       |       ||   582
       Battleaxe         |       |       |       |       |   860 |  1142 |  1549 |  1498 |  1688 ||  6737
       Punch             |       |       |       |       |       |     1 |       |       |       ||     1
       Executioner's axe |       |       |       |       |       |       |       |       |  9004 ||  9004
       Bite              |       |       |       |       |       |       |       |       |   521 ||   521
Throw: Tomahawk          |       |     1 |     4 |     3 |     3 |   142 |    41 |       |       ||   194
       Javelin           |       |       |       |       |     3 |    27 |   129 |    38 |   906 ||  1103
       Throwing net      |       |       |       |       |       |       |     1 |       |       ||     1
Invok: Heroism           |       |       |     2 |     8 |    10 |    12 |    10 |    10 |     3 ||    55
       Finesse           |       |       |       |     1 |     7 |     5 |     5 |     8 |     2 ||    28
       Divine Shield     |       |       |       |       |       |       |       |       |    41 ||    41
       Summon Divine War |       |       |       |       |       |       |       |       |    21 ||    21
       Cleansing Flame   |       |       |       |       |       |       |       |       |    12 ||    12
       Brand Weapon With |       |       |       |       |       |       |       |       |     1 ||     1
 Abil: Dig               |       |     1 |     2 |     8 |    10 |     8 |    13 |    10 |    66 ||   118
       Shaft Self        |       |     1 |       |       |       |       |       |       |       ||     1
Evoke: Wand              |       |       |       |       |     2 |       |       |     2 |    18 ||    22
       Figurine of a zig |       |       |       |       |       |       |       |       |     2 ||     2
  Use: Scroll            |       |     6 |     2 |     7 |    14 |     5 |     5 |    11 |   161 ||   211
       Potion            |       |     1 |     8 |     2 |     1 |     5 |     4 |     2 |   113 ||   136
 Stab: Invisible         |       |       |     1 |       |       |    20 |       |       |       ||    21
       Confused          |       |       |       |     4 |       |       |       |       |       ||     4
       Sleeping          |       |       |       |       |       |     2 |       |       |       ||     2
       Distracted        |       |       |       |       |       |     3 |       |       |       ||     3
       Held in net/web   |       |       |       |       |       |     1 |       |       |       ||     1
       Petrified         |       |       |       |       |       |    21 |       |       |       ||    21
       Paralysed         |       |       |       |       |       |       |       |       |    36 ||    36
  Eat: Chunk             |       |     6 |     5 |    21 |    10 |     4 |     7 |     2 |     5 ||    60
       Fruit             |       |       |     3 |     7 |    19 |     5 |     3 |     4 |    23 ||    64
       Royal jelly       |       |       |     3 |     1 |     5 |     2 |     2 |     3 |    35 ||    51
       Meat ration       |       |       |       |       |       |     3 |     2 |     2 |    17 ||    24
       Bread ration      |       |       |       |       |       |       |     5 |     7 |    23 ||    35
Armor: Scale mail        |    53 |    62 |   118 |    80 |       |       |       |       |       ||   313
       Plate armour      |       |       |       |   110 |       |       |       |       |       ||   110
       Crystal plate arm |       |       |       |    46 |   417 |   276 |   561 |   289 |  2294 ||  3883
       Acid dragon scale |       |       |       |       |       |   268 |       |       |       ||   268
       Skin              |       |       |       |       |       |       |       |       |    91 ||    91
Dodge: Dodged            |    43 |    55 |    68 |   292 |   265 |   651 |   356 |   197 |  2106 ||  4033
       Deflected         |       |       |       |       |       |       |       |       |     1 ||     1
Block: Shield            |    60 |    69 |   130 |   389 |   564 |   756 |   756 |   104 |       ||  2828
       Large shield      |       |       |       |       |       |   151 |       |   996 | 12239 || 13386
       Reflection        |       |       |       |       |       |    37 |   111 |    17 |   492 ||   657
       Other             |       |       |       |       |       |       |       |       |     1 ||     1
